 Dungeon Crawl Stone Soup version 0.31-a0-177-g4aa6249778 (webtiles) character file.

Game seed: 7665136346682003522

402874 qw the Slayer (level 23, -7/270 HPs)
             Began as a Naga Hunter on June 18, 2023.
             Was an Elder of Okawaru.
             Mangled by an iron dragon (12 damage)
             ... on level 5 of the Vaults.
             The game lasted 00:26:57 (38629 turns).

qw the Slayer (Naga Hunter)                        Turns: 38629, Time: 00:26:58

Health: -7/270     AC: 29    Str: 17      XL:     23   Next: 34%
Magic:  26/30      EV: 44    Int:  6 (7)  God:    Okawaru [****..]
Gold:   3836       SH:  5    Dex: 37      Spells: 22/22 levels left

rFire   + + .        t - +8 longbow "Zephyr" {speed, Dex+3 SInv}
rCold   + + +        (shield currently unavailable)
rNeg    . . .        B - +2 leather armour "Oxtimymm" {rF+ Dex+3 SInv}
rPois   +            p - +2 hat {Will+}
rElec   +            l - scarf {repulsion}
rCorr   .            i - +2 pair of gloves of Valiance {rElec rC+}
SInv    +            b - +4 barding "Zocse" {rC+ Int-4 Stlth+}
Will    +++..        k - amulet of Irhuottu {Reflect rPois rF+ rC+ Regen+ SH+5}
Stlth   ++++++       f - +6 ring of dexterity
HPRegen 1.45/turn    y - +5 ring of evasion
MPRegen 0.22/turn

%: repel missiles, reflection, clarity
@: about to teleport, heroic, finesse-ful, flayed, very slow
A: AC +7, large, see invisible, deformed body, poison resistance, slowness 2,
spit poison 1, naga tail 2, horns 1, thin skeletal structure 1, clarity, robust
1, strong 1, MP-powered wands
}: 2/15 runes: serpentine, barnacled
a: Spit Poison, Renounce Religion, Heroism, Finesse


You were on level 5 of the Vaults.
You worshipped Okawaru.
Okawaru was greatly pleased with you.
You visited 8 branches of the dungeon, and saw 40 of its levels.
You also visited: Gauntlet.

You collected 4789 gold pieces.
You spent 953 gold pieces at shops.


Innate Abilities, Weirdness & Mutations

Your serpentine skin is tough. (AC +7)
You have supernaturally acute eyesight. (SInv)
Armour fits poorly on your strangely shaped body.
Your system is resistant to poisons. (rPois)
You cover ground very slowly.
You can spit poison.
You can use your snake-like lower body to constrict enemies.
You have a pair of small horns on your head.
You have a somewhat thin skeletal structure. (Dex +2, Stealth+)
You possess an exceptional clarity of mind.
You are robust. (+10% HP)
Your muscles are strong. (Str +4, Int/Dex -1)
You expend magic power (3 MP) to strengthen your wands.


   Skills:
 + Level 22.7(27) Fighting
 - Level 20.0(25.0) Ranged Weapons
 - Level 10.0(15.0) Armour
 - Level 20.0(25.0) Dodging
 - Level 1.5(6.5) Stealth
 - Level 10.0 Invocations


You had 22 spell levels left.
You didn't know any spells.
Your spell library was empty.

Inventory:

Hand Weapons
 t - the +8 longbow "Zephyr" (weapon) {speed, Dex+3 SInv}
   (You acquired it on level 7 of the Dungeon)

   Dex:       It affects your dexterity (+3).
   SInv:      It lets you see invisible.
Armour
 b - the +4 barding "Zocse" (worn) {rC+ Int-4 Stlth+}
   (Okawaru gifted it to you on level 1 of the Vaults)

   Int:       It affects your intelligence (-4).
   rC:        It protects you from cold.
   Stlth:     It makes you more stealthy.
 i - the +2 pair of gloves of Valiance (worn) {rElec rC+}
   (Okawaru gifted it to you on level 3 of the Lair of Beasts)

   rC:        It protects you from cold.
   rElec:     It insulates you from electricity.
 l - a scarf of repulsion (worn)
 p - a +2 hat of willpower (worn)
 u - a +1 pair of gloves of dexterity
 z - a +2 cloak of stealth
 B - the +2 leather armour "Oxtimymm" (worn) {rF+ Dex+3 SInv}
   (You found it on level 4 of the Vaults)

   Dex:       It affects your dexterity (+3).
   rF:        It protects you from fire.
   SInv:      It lets you see invisible.
Jewellery
 f - a +6 ring of dexterity (left hand)
 k - the amulet of Irhuottu (around neck) {Reflect rPois rF+ rC+ Regen+ SH+5}
   (You acquired it on level 13 of the Dungeon)

   [amulet of reflection]

   It reflects blocked missile attacks.
   rF:        It protects you from fire.
   rC:        It protects you from cold.
   rPois:     It protects you from poison.
   Regen:     It increases your rate of health regeneration.
   SH:        It affects your SH (+5).
 o - a ring of protection from fire
 y - a +5 ring of evasion (right hand)
Wands
 w - a wand of digging (15)
Scrolls
 a - 24 scrolls of identify
 c - 5 scrolls of enchant weapon
 h - 3 scrolls of brand weapon
 r - 14 scrolls of teleportation
 s - 3 scrolls of enchant armour
Potions
 d - 9 potions of heal wounds
 e - 12 potions of might
 g - 17 potions of curing
 j - 6 potions of haste
 m - 3 potions of enlightenment
 n - 4 potions of resistance
 q - a potion of cancellation
 v - 4 potions of mutation
 A - 2 potions of magic

Dungeon Overview and Level Annotations

Branches:
Dungeon (15/15)            Temple (1/1) D:4            Lair (5/5) D:8
 Shoals (4/4) Lair:2        Snake (4/4) Lair:3        Slime (0/5) Lair:4
    Orc (2/2) D:10            Elf (0/3) Orc:2        Vaults (5/5) D:13
  Crypt (0/3) Vaults:2     Depths (4/4) D:15            Zot (0/5) Depths:4
Gauntlet (visited)

Altars:
Ashenzari
Cheibriados
Dithmenos
Elyvilon
Fedhas
Gozag
Hepliaklqana
Kikubaaqudgha
Makhleb
Nemelex Xobeh
Okawaru
Qazlal
Ru
Sif Muna
Trog
Uskayaw
Vehumet
Wu Jian
Xom
Yredelemnul
Zin
The Shining One
Jiyva
Lugonu

Shops:
D:1 !   D:4 *   D:14 *   Orc:2 =([(   Shoals:2 (   Snake:3 ?[[

Portals:
Hell: Depths:1 Depths:2 Depths:3 Depths:4
Abyss: Lair:5
Pandemonium: Depths:2
Ziggurat: Depths:2

Annotations:
D:6 2 transporters
D:13 1 runed translucent door, Wemm's ghost, journeyman SpEn
D:14 2 transporters, Ficoysum's ghost, journeyman GnWn
Shoals:2 1 runed translucent door
Vaults:2 2 transporters


Message History

The ironbound preserver completely misses you.
The vault guard completely misses you. x2
The ancient lich casts a spell.
The ancient lich flickers and vanishes for a moment.
The deep elf high priest mumbles some strange prayers to its god against you.
Something smites you!
38627 ||| DRINKING 10 potions of heal wounds.
You feel much better.
The torpor snail changes into a slime creature!
The quicksilver dragon completely misses you. x2
The white very ugly thing headbutts you but does no damage.
The ironbound convoker gestures at the vault guard while chanting.
The vault guard seems to grow stronger.
You block the stone giant's attack. The vault warden completely misses you.
The vault sentinel blows a loud note on a signal horn!
The vault guard completely misses you.
The flayed ghost stares at you with tortured malice.
Terrible wounds spread across more of your body!
The vault sentinel blows a loud note on a signal horn!
The vault guard completely misses you.
You hear a shout! x8; You hear two shouts!
You hear a shout!
You shoot an arrow.
The arrow barely misses the vault warden.
The arrow hits the quicksilver dragon!!!
The quicksilver dragon is heavily wounded.
The runic seals fade away.
The iron dragon bites you but does no damage.
The iron dragon misses you. The iron dragon completely misses you.
38629 ||| STAIRDANCE The basilisk changes into a black bear!
The purple ugly thing basks in the mutagenic energy from its kin and changes!
The ironbound convoker points at the tengu reaver and mumbles some strange words.
The tengu reaver seems to grow stronger.
The vault guard completely misses you. The stone giant hits you!
The vault warden hits you with a +4 war axe of venom!!!
The ironbound preserver casts a spell.
The ironbound preserver begins to accept its allies' injuries.
The vault guard completely misses you. The iron dragon misses you.
The iron dragon claws you! The iron dragon tramples you!
You die...

#....# ###
#....# . C...
#....# ..
.....#....# ...
.....#Wpp.#CX..
....huppppL....
####pCupuce.###
....puC@pDpp...


....epppDQCp... ....eppeJppc... .....CcpeccW... ##.#C..cC...### #. ........... .
.#.#.e..#...# .#.#.....#.#.# You could see a tentacled monstrosity, an iron
dragon (sheltered), an ironbound preserver (empowered), 5 titans, an ancient
lich (empowered, invisible), 2 very ugly things, a fire giant (empowered,
sheltered), a quicksilver dragon (sheltered), a stone giant (sheltered), 2 vault
wardens, a tengu reaver (strong, empowered, sheltered), 2 yaktaur captains, 13
vault guards, 2 ugly things, an ettin, a slime creature shaped shifter
(sheltered), a flayed ghost (sheltered), 2 vault sentinels, a deep elf archer
(empowered, repels missiles, sheltered), a deep elf knight (fast, empowered,
invisible), 3 deep elf high priests, a phantasmal warrior (sheltered), 3
ironbound convokers, 4 yaktaurs, a deep elf pyromancer (empowered, sheltered)
and a black bear shaped shifter (sheltered).

Vanquished Creatures
  A dread lich (Vaults:5)
  Mara (Vaults:4)
  A juggernaut (Depths:1)
  Boris (Vaults:4)
  Frederick (Depths:4)
  Xtahua (Vaults:4)
  Saint Roka (Vaults:1)
  A caustic shrike (Depths:2)
  2 golden dragons
  4 bone dragons
  A Tzitzimitl (Depths:3)
  3 doom hounds (Depths:3)
  4 tentacled monstrosities
  A walking crystal tome (Depths:2)
  Mlioglotl (Snake:3)
  Grunn (Depths:3)
  2 titans (Depths:2)
  A walking frostbound tome (Depths:1)
  A walking divine tome (Depths:2)
  5 liches
  2 quicksilver dragons
  A kraken (Shoals:2)
  A tengu reaver (Depths:3)
  A sphinx (Depths:1)
  Gastronok (Lair:3)
  Kirke (Shoals:3)
  3 shadow dragons
  A storm dragon (Depths:2)
  Donald (Vaults:1)
  A revenant (Vaults:2)
  2 nagarajas (Snake:4)
  7 fire giants
  17 vault wardens
  A balrug (Depths:2)
  2 iron dragons
  3 orc warlords
  13 frost giants
  Aizul (Snake:1)
  13 ironbound preservers
  A draconian annihilator (Depths:4)
  31 very ugly things
  6 ironbound thunderhulks
  10 stone giants
  2 war gargoyles (Vaults:4)
  4 spriggan defenders
  A quicksilver ooze (Gauntlet)
  5 formless jellyfish
  2 purple draconians (Depths:4)
  A green draconian (Depths:4)
  A deep elf annihilator (Vaults:4)
  3 vampire knights
  2 putrid mouths (Depths:3)
  Azrael (Snake:3)
  A black draconian (Depths:4)
  11 dire elephants
  2 red draconians (Depths:4)
  A white draconian (Depths:4)
  5 spark wasps
  A minotaur (Gauntlet)
  A yellow draconian (Depths:4)
  A blizzard demon (Depths:2)
  9 ettins
  An eidolon (Vaults:2)
  Snorg (D:10)
  Josephine (Lair:5)
  2 crystal guardians (Vaults:4)
  A fire dragon (Depths:3)
  A merfolk javelineer (Shoals:4)
  2 great orbs of eyes
  8 merfolk impalers
  2 deep elf high priests (Vaults:4)
  3 rakshasas
  4 yaktaur captains
  5 ice dragons
  2 peacekeepers (Vaults:4)
  10 ironbound frosthearts
  Erica (D:8)
  5 salamander tyrants
  27 vault guards
  10 spriggan air magi
  A catoblepas (Lair:3)
  An alligator snapping turtle (Shoals:4)
  7 anacondas
  A merfolk avatar (Shoals:1)
  6 boulder beetles
  An ogre mage (D:15)
  5 hydras
  A spriggan skeleton (Depths:1)
  7 centaur warriors
  7 two-headed ogres
  2 merfolk aquamancers
  15 naga warriors
  An alligator (Lair:5)
  6 tengu warriors
  Urug (D:10)
  A deep troll shaman (Depths:3)
  An orc high priest (Orc:2)
  4 thrashing horrors (Lair:5)
  15 naga sharpshooters
  5 shock serpents
  3 deep troll earth magi (Depths:2)
  7 hell knights (Depths:2)
  Sonja (D:11)
  11 spriggan berserkers
  A sixfirhy (Depths:2)
  2 sun demons (Depths:2)
  4 skysharks
  4 iron trolls
  8 salamander mystics
  2 skeletal warriors (D:15)
  A shadow wraith (Vaults:1)
  Nergalle (Lair:3)
  A sea snake (shapeshifter) (Vaults:4)
  18 sea snakes
  2 glowing orange brains (Depths:4)
  6 flayed ghosts
  35 deep trolls
  A deep troll (shapeshifter) (Vaults:4)
  A kraken simulacrum (Shoals:4)
  3 naga ritualists (Snake:4)
  3 phantasmal warriors
  7 lindwurms
  3 deep elf pyromancers
  9 harpies
  19 ironbound convokers
  45 ugly things
  4 orc knights
  9 wizards
  4 necromancers
  7 mana vipers
  4 orc sorcerers
  A sphinx skeleton (Depths:1)
  22 elephants
  A stone giant zombie (D:15)
  18 manticores
  9 fauns
  A tengu skeleton (D:15)
  A stone giant skeleton (Depths:1)
  A shadow dragon skeleton (D:15)
  A fire giant zombie (D:15)
  A frost giant zombie (Vaults:1)
  25 salamanders
  7 cyclopes
  A manticore (shapeshifter) (Depths:3)
  A human zombie (Vaults:1)
  A guardian serpent (Snake:1)
  4 water nymphs
  A fire giant skeleton (Depths:1)
  15 black mambas
  11 vault sentinels
  2 smoke demons (Lair:5)
  A gargoyle (D:13)
  7 merfolk sirens
  A torpor snail (Lair:1)
  12 cane toads
  15 naga magi
  A guardian serpent (shapeshifter) (Lair:5)
  A cane toad (shapeshifter) (Depths:2)
  2 rime drakes
  An unseen horror (D:11)
  7 komodo dragons
  An orange demon (Depths:2)
  32 yaktaurs
  2 tengu conjurers
  An efreet (D:15)
  A golden dragon simulacrum (Depths:1)
  16 merfolk
  A polar bear (shapeshifter) (Lair:5)
  3 ancient zymes (Lair:5)
  3 polar bears
  5 trolls
  4 hornets
  6 wind drakes
  A hornet (shapeshifter) (D:13)
  33 blink frogs
  4 snapping turtles
  3 dream sheep (Shoals:1)
  A large abomination (Lair:5)
  49 yaks
  3 vampires
  An ettin skeleton (Vaults:1)
  2 ynoxinuls
  18 slime creatures
  2 jumping spiders (shapeshifter)
  4 spriggans
  3 wraiths (Lair:5)
  8 water elementals
  5 shadows
  2 fire elementals (Snake:3)
  6 wyverns
  4 hogs (Shoals:3)
  2 humans (Shoals:3)
  13 basilisks
  2 chaos spawn
  A harpy simulacrum (Gauntlet)
  7 wargs
  A two-headed ogre zombie (D:10)
  3 vampire mosquitoes (D:13)
  47 nagas
  16 water moccasins
  3 hell hounds (Snake:3)
  2 floating eyes
  A swamp drake (shapeshifter) (D:13)
  38 orc warriors
  An ice beast (D:7)
  2 sky beasts
  3 black bears
  10 ogres
  A black bear (shapeshifter) (Depths:2)
  12 wolves
  7 boggarts (D:15)
  11 centaurs
  10 small abominations (Lair:5)
  A phantom (D:7)
  4 kobold brigands
  10 bullfrogs
  2 gnoll sergeants
  5 scorpions
  2 hornet simulacra (Gauntlet)
  A troll zombie (D:10)
  10 killer bees
  An electric eel (D:15)
  2 howler monkeys
  A lava snake (Lair:2)
  2 hounds
  4 jellies
  31 orc priests
  2 sleepcaps
  A gnoll bouda (D:5)
  4 iguanas
  21 orc wizards
  15 hell rats
  6 ogre zombies (D:10)
  A boggart simulacrum (D:15)
  4 adders
  12 gnolls
  23 river rats
  2 shadow imps
  3 white imps
  An ufetubus (D:5)
  4 dart slugs
  103 orcs
  4 endoplasms
  5 giant cockroaches
  12 goblins
  5 hobgoblins
  2 jackals (D:3)
  12 kobolds
  9 quokkas
  10 ball pythons
  5 bats
  2 frilled lizards
  3 goblin zombies (D:10)
  2 hobgoblin zombies (D:10)
  3 orc skeletons (D:10)
  17 orc zombies (D:10)
  15 rats
  A tentacle (Shoals:2)
1582 creatures vanquished.

Vanquished Creatures (others)
  A naga warrior (Snake:4)
  8 tentacles
9 creatures vanquished.

Grand Total: 1591 creatures vanquished

Notes
Turn   | Place    | Note
-------+----------+-------------------------------------------
     0 | D:1      | qw the Naga Hunter began the quest for the Orb.
     0 | D:1      | Reached XP level 1. HP: 19/19 MP: 1/1
     0 | D:1      | 0 ||| qw: Version: 0.3-a-7-ge0c9b40
     0 | D:1      | 0 ||| qw: Game counter: 844
     0 | D:1      | 0 ||| qw: Always use a shield: true
     0 | D:1      | 0 ||| qw: God list: Okawaru
     0 | D:1      | 0 ||| qw: Allow faded altars: false
     0 | D:1      | 0 ||| qw: Do Orc after D:15 true
     0 | D:1      | 0 ||| qw: Do second Lair branch before Depths: true
     0 | D:1      | 0 ||| qw: Lair rune preference: random
     0 | D:1      | 0 ||| qw: Plans: Normal
     0 | D:1      | 0 ||| PLANNING D:1-11
    23 | D:1      | 23 ||| INVOKING Spit Poison.
    29 | D:1      | 29 ||| INVOKING Spit Poison.
    48 | D:1      | 48 ||| INVOKING Spit Poison.
    87 | D:1      | Reached XP level 2. HP: 26/26 MP: 2/2
   108 | D:1      | Found a faded altar of an unknown god.
   119 | D:1      | 119 ||| INVOKING Spit Poison.
   151 | D:1      | 151 ||| INVOKING Spit Poison.
   205 | D:1      | 205 ||| INVOKING Spit Poison.
   286 | D:1      | Found Haog's Distillery.
   290 | D:1      | 290 ||| SHOPLISTING 2 potions of heal wounds (100 gold,
                  | have 42).
   290 | D:1      | 290 ||| SHOPLISTING potion of cancellation (80 gold, have
                  | 42).
   290 | D:1      | 290 ||| BUYING potion of curing (30 gold).
   290 | D:1      | Bought a potion of curing for 30 gold pieces
   290 | D:1      | 290 ||| SHOPLISTING potion of curing (30 gold, have 12).
   290 | D:1      | 290 ||| SHOPLISTING potion of enlightenment (50 gold, have
                  | 12).
   290 | D:1      | 290 ||| SHOPLISTING potion of haste (100 gold, have 12).
   290 | D:1      | 290 ||| SHOPLISTING potion of heal wounds (50 gold, have
                  | 12).
   290 | D:1      | 290 ||| SHOPLISTING potion of mutation (80 gold, have 12).
   302 | D:1      | 302 ||| INVOKING Spit Poison.
   454 | D:1      | 454 ||| INVOKING Spit Poison.
   486 | D:1      | Reached XP level 3. HP: 32/32 MP: 3/3
   516 | D:1      | 516 ||| INVOKING Spit Poison.
   642 | D:1      | 642 ||| UPGRADING to +6 ring of dexterity.
   643 | D:1      | 643 ||| READING 2 scrolls labelled KETSAF LOSYU.
   644 | D:1      | 644 ||| DROPPING scroll of butterflies.
   654 | D:2      | 654 ||| INVOKING Spit Poison.
   664 | D:2      | 664 ||| INVOKING Spit Poison.
   684 | D:2      | 684 ||| INVOKING Spit Poison.
   707 | D:2      | 707 ||| INVOKING Spit Poison.
   724 | D:2      | 724 ||| INVOKING Spit Poison.
   743 | D:2      | 743 ||| INVOKING Spit Poison.
   795 | D:2      | 795 ||| INVOKING Spit Poison.
   799 | D:2      | 799 ||| INVOKING Spit Poison.
   835 | D:2      | 835 ||| INVOKING Spit Poison.
   886 | D:2      | 886 ||| INVOKING Spit Poison.
   987 | D:2      | 987 ||| INVOKING Spit Poison.
   992 | D:2      | 992 ||| INVOKING Spit Poison.
  1004 | D:2      | 1004 ||| INVOKING Spit Poison.
  1010 | D:2      | 1010 ||| INVOKING Spit Poison.
  1105 | D:2      | 1105 ||| INVOKING Spit Poison.
  1108 | D:2      | 1108 ||| INVOKING Spit Poison.
  1316 | D:2      | 1316 ||| UPGRADING to ring of resist corrosion.
  1317 | D:2      | 1317 ||| READING scroll labelled JOMIG BOFUNAA.
  1318 | D:2      | 1318 ||| READING scroll labelled AXKALUU CUVE.
  1321 | D:2      | 1321 ||| DRINKING 3 fizzy dark potions.
  1321 | D:2      | Gained mutation: You do not regenerate when monsters are
                  | visible. [potion of mutation]
  1321 | D:2      | Gained mutation: You have a pair of small horns on your
                  | head. [potion of mutation]
  1321 | D:2      | Gained mutation: You passively map a small area around you.
                  | [potion of mutation]
  1321 | D:2      | Gained mutation: You are partially covered in iridescent
                  | scales. (AC +2) [potion of mutation]
  1322 | D:2      | 1322 ||| DRINKING 2 potions of mutation.
  1322 | D:2      | Lost mutation: You are partially covered in iridescent
                  | scales. (AC +2) [potion of mutation]
  1322 | D:2      | Lost mutation: You do not regenerate when monsters are
                  | visible. [potion of mutation]
  1322 | D:2      | Lost mutation: You have a pair of small horns on your head.
                  | [potion of mutation]
  1322 | D:2      | Gained mutation: You occasionally lose the ability to read
                  | scrolls when taking damage. [potion of mutation]
  1323 | D:2      | 1323 ||| DRINKING potion of mutation.
  1323 | D:2      | Lost mutation: You occasionally lose the ability to read
                  | scrolls when taking damage. [potion of mutation]
  1323 | D:2      | Lost mutation: You passively map a small area around you.
                  | [potion of mutation]
  1323 | D:2      | Gained mutation: Your magical capacity is low. (-10% MP)
                  | [potion of mutation]
  1323 | D:2      | Gained mutation: Your flesh is heat resistant. (rF+)
                  | [potion of mutation]
  1323 | D:2      | Gained mutation: You sometimes lose your temper in combat.
                  | [potion of mutation]
  1323 | D:2      | Gained mutation: You are agile. (Dex +4, Str/Int -1)
                  | [potion of mutation]
  1324 | D:2      | 1324 ||| DRINKING 2 silvery potions.
  1325 | D:2      | 1325 ||| READING 3 scrolls of identify.
  1325 | D:2      | 1325 ||| IDENTIFYING cyan potion
  1326 | D:2      | 1326 ||| DROPPING potion of brilliance.
  1329 | D:3      | 1329 ||| INVOKING Spit Poison.
  1336 | D:3      | 1336 ||| INVOKING Spit Poison.
  1358 | D:3      | Reached XP level 4. HP: 39/39 MP: 3/3
  1370 | D:3      | 1370 ||| INVOKING Spit Poison.
  1384 | D:3      | 1384 ||| INVOKING Spit Poison.
  1406 | D:3      | 1406 ||| INVOKING Spit Poison.
  1452 | D:3      | 1452 ||| INVOKING Spit Poison.
  1457 | D:3      | 1457 ||| INVOKING Spit Poison.
  1462 | D:3      | 1462 ||| INVOKING Spit Poison.
  1620 | D:3      | Found a blossoming altar of Fedhas.
  1691 | D:3      | 1691 ||| INVOKING Spit Poison.
  1770 | D:3      | 1770 ||| INVOKING Spit Poison.
  1788 | D:3      | Noticed an ogre
  1792 | D:3      | 1792 ||| INVOKING Spit Poison.
  1798 | D:3      | 1798 ||| INVOKING Spit Poison.
  1798 | D:3      | HP: 4/40 [ogre/+0 giant club (28)]
  1799 | D:3      | Killed an ogre
  1800 | D:3      | Reached skill level 3 in Fighting
  1800 | D:3      | Reached XP level 5. HP: 5/50 MP: 4/4
  2037 | D:3      | 2037 ||| INVOKING Spit Poison.
  2080 | D:3      | 2080 ||| INVOKING Spit Poison.
  2201 | D:3      | 2201 ||| UPGRADING to +0 cloak.
  2206 | D:3      | 2206 ||| UPGRADING to amulet of regeneration.
  2211 | D:3      | 2211 ||| READING scroll labelled COONLY BEITO.
  2212 | D:3      | 2212 ||| READING 2 scrolls of identify.
  2212 | D:3      | 2212 ||| IDENTIFYING bubbling coppery potion
  2274 | D:4      | Found Seics's General Store.
  2282 | D:4      | 2282 ||| BUYING +2 robe (127 gold).
  2282 | D:4      | Bought a +2 robe for 127 gold pieces
  2282 | D:4      | 2282 ||| SHOPLISTING +4 ring of protection (360 gold, have
                  | 36).
  2303 | D:4      | Found a staircase to the Ecumenical Temple.
  2304 | D:4      | 2304 ||| PLANNING TEMPLE
  2304 | D:4      | 2304 ||| UPGRADING to +2 robe.
  2314 | D:4      | 2314 ||| DROPPING +0 leather armour.
  2322 | Temple   | Entered the Ecumenical Temple
  2335 | Temple   | 2335 ||| PLANNING D:1-11
  2371 | D:4      | Found a sparkling altar of Nemelex Xobeh.
  2421 | D:4      | Found a glowing golden altar of the Shining One.
  2518 | D:4      | 2518 ||| INVOKING Spit Poison.
  2754 | D:4      | Found an iron altar of Okawaru.
  2755 | D:4      | 2755 ||| PLANNING OKAWARU WORSHIP
  2762 | D:4      | Became a worshipper of Warmaster Okawaru
  2763 | D:4      | 2763 ||| PLANNING D:1-11
  2921 | D:4      | Found a shimmering blue altar of Sif Muna.
  3011 | D:5      | Entered Level 5 of the Dungeon
  3012 | D:5      | 3012 ||| INVOKING Spit Poison.
  3014 | D:5      | 3014 ||| STAIRDANCE
  3016 | D:4      | 3016 ||| DRINKING 3 potions of curing.
  3016 | D:4      | 3016 ||| (to cure confusion)
  3018 | D:4      | 3018 ||| INVOKING Spit Poison.
  3021 | D:4      | 3021 ||| INVOKING Spit Poison.
  3026 | D:4      | Reached XP level 6. HP: 30/57 MP: 5/5
  3053 | D:5      | 3053 ||| INVOKING Spit Poison.
  3058 | D:5      | 3058 ||| INVOKING Spit Poison.
  3078 | D:5      | 3078 ||| DRINKING potion of mutation.
  3078 | D:5      | Lost mutation: You are agile. (Dex +4, Str/Int -1) [potion
                  | of mutation]
  3078 | D:5      | Lost mutation: Your flesh is heat resistant. (rF+) [potion
                  | of mutation]
  3078 | D:5      | Gained mutation: Your tail ends in a venomous barb. [potion
                  | of mutation]
  3078 | D:5      | Gained mutation: Your body sometimes deteriorates upon
                  | taking damage. [potion of mutation]
  3078 | D:5      | Gained mutation: You are dopey. (Int -2) [potion of
                  | mutation]
  3078 | D:5      | Lost mutation: Your magical capacity is low. (-10% MP)
                  | [potion of mutation]
  3089 | D:5      | 3089 ||| INVOKING Spit Poison.
  3093 | D:5      | 3093 ||| INVOKING Spit Poison.
  3096 | D:5      | 3096 ||| INVOKING Spit Poison.
  3098 | D:5      | Reached skill level 6 in Ranged Weapons
  3203 | D:5      | 3203 ||| INVOKING Spit Poison.
  3207 | D:5      | 3207 ||| INVOKING Spit Poison.
  3211 | D:5      | 3211 ||| INVOKING Spit Poison.
  3249 | D:5      | 3249 ||| INVOKING Spit Poison.
  3253 | D:5      | Reached skill level 4 in Fighting
  3268 | D:5      | 3268 ||| INVOKING Spit Poison.
  3270 | D:5      | Reached * piety under Okawaru
  3271 | D:5      | Reached XP level 7. HP: 49/64 MP: 7/7
  3275 | D:5      | 3275 ||| INVOKING Heroism.
  3347 | D:5      | 3347 ||| INVOKING Spit Poison.
  3351 | D:5      | 3351 ||| INVOKING Heroism.
  3354 | D:5      | 3354 ||| INVOKING Spit Poison.
  3358 | D:5      | 3358 ||| INVOKING Spit Poison.
  3388 | D:5      | 3388 ||| INVOKING Spit Poison.
  3389 | D:5      | Reached skill level 1 in Invocations
  3400 | D:5      | 3400 ||| INVOKING Spit Poison.
  3401 | D:5      | 3401 ||| INVOKING Spit Poison.
  3407 | D:5      | 3407 ||| INVOKING Spit Poison.
  3416 | D:5      | 3416 ||| INVOKING Spit Poison.
  3525 | D:5      | 3525 ||| INVOKING Spit Poison.
  3529 | D:5      | 3529 ||| INVOKING Spit Poison.
  3648 | D:5      | 3648 ||| INVOKING Heroism.
  3651 | D:5      | 3651 ||| INVOKING Spit Poison.
  3652 | D:5      | Reached skill level 3 in Invocations
  3652 | D:5      | Reached XP level 8. HP: 72/72 MP: 7/10
  3722 | D:5      | 3722 ||| INVOKING Spit Poison.
  3732 | D:5      | 3732 ||| INVOKING Spit Poison.
  3735 | D:5      | 3735 ||| INVOKING Spit Poison.
  3742 | D:5      | 3742 ||| INVOKING Spit Poison.
  3761 | D:5      | 3761 ||| INVOKING Spit Poison.
  3768 | D:5      | 3768 ||| INVOKING Spit Poison.
  3775 | D:5      | 3775 ||| INVOKING Spit Poison.
  3781 | D:5      | 3781 ||| INVOKING Spit Poison.
  3948 | D:5      | Found a shadowy altar of Dithmenos.
  3951 | D:5      | Found a burning altar of Makhleb.
  3952 | D:5      | 3952 ||| INVOKING Spit Poison.
  3997 | D:5      | 3997 ||| DROPPING ring of magical power.
  3998 | D:5      | 3998 ||| READING scroll labelled NOTOPTAMOL.
  3999 | D:5      | 3999 ||| READING 2 scrolls of identify.
  3999 | D:5      | 3999 ||| IDENTIFYING fuming golden potion
  4000 | D:5      | 4000 ||| DROPPING potion of berserk rage.
  4029 | D:6      | 4029 ||| PLANNING SEWER
  4029 | D:6      | 4029 ||| INVOKING Heroism.
  4030 | D:6      | 4030 ||| INVOKING Spit Poison.
  4035 | D:6      | Reached skill level 3 in Dodging
  4100 | D:6      | 4100 ||| READING scroll of brand weapon.
  4100 | D:6      | 4100 ||| BRANDING +0 shortbow of flaming.
  4114 | D:6      | Found a transporter.
  4122 | D:6      | Noticed a deep elf knight
  4175 | D:6      | 4175 ||| INVOKING Spit Poison.
  4448 | D:6      | Noticed a kobold demonologist
  4454 | D:6      | Found a transporter.
  4502 | D:6      | Found a glowing drain.
  4503 | D:6      | 4503 ||| INVOKING Heroism.
  4506 | D:6      | 4506 ||| READING scroll labelled KAURCH CUTE.
  4620 | D:6      | 4620 ||| READING 2 scrolls of identify.
  4620 | D:6      | 4620 ||| IDENTIFYING viscous emerald potion
  4707 | D:6      | 4707 ||| STAIRDANCE
  4711 | D:6      | 4711 ||| STAIRDANCE
  4715 | D:6      | 4715 ||| STAIRDANCE
  4719 | D:6      | 4719 ||| STAIRDANCE
  4723 | D:6      | 4723 ||| STAIRDANCE
  4727 | D:6      | 4727 ||| STAIRDANCE
  4731 | D:6      | 4731 ||| STAIRDANCE
  4735 | D:6      | 4735 ||| STAIRDANCE
  4739 | D:6      | 4739 ||| STAIRDANCE
  4743 | D:6      | 4743 ||| STAIRDANCE
  4747 | D:6      | 4747 ||| STAIRDANCE
  4751 | D:6      | 4751 ||| STAIRDANCE
  4755 | D:6      | 4755 ||| STAIRDANCE
  4759 | D:6      | 4759 ||| STAIRDANCE
  4763 | D:6      | 4763 ||| STAIRDANCE
  4767 | D:6      | 4767 ||| STAIRDANCE
  4771 | D:6      | 4771 ||| STAIRDANCE
  4775 | D:6      | 4775 ||| STAIRDANCE
  4779 | D:6      | 4779 ||| STAIRDANCE
  4783 | D:6      | 4783 ||| STAIRDANCE
  4830 | D:5      | 4830 ||| RIP SEWER
  4830 | D:5      | 4830 ||| PLANNING D:1-11
  4899 | D:6      | 4899 ||| INVOKING Spit Poison.
  5039 | D:6      | 5039 ||| INVOKING Spit Poison.
  5066 | D:6      | Identified the +3 scale mail "Xoot" {Will+}
  5208 | D:7      | 5208 ||| INVOKING Spit Poison.
  5277 | D:7      | Noticed a wyvern
  5278 | D:7      | 5278 ||| INVOKING Spit Poison.
  5283 | D:7      | 5283 ||| INVOKING Spit Poison.
  5284 | D:7      | Killed a wyvern
  5284 | D:7      | Reached ** piety under Okawaru
  5285 | D:7      | Reached skill level 5 in Fighting
  5309 | D:7      | 5309 ||| INVOKING Spit Poison.
  5313 | D:7      | 5313 ||| INVOKING Spit Poison.
  5314 | D:7      | 5314 ||| INVOKING Heroism.
  5315 | D:7      | 5315 ||| INVOKING Spit Poison.
  5327 | D:7      | Reached XP level 9. HP: 30/81 MP: 10/12
  5437 | D:7      | Found an ornate altar of the Wu Jian Council.
  5481 | D:7      | 5481 ||| INVOKING Spit Poison.
  5487 | D:7      | 5487 ||| INVOKING Spit Poison.
  5522 | D:7      | 5522 ||| INVOKING Spit Poison.
  5524 | D:7      | Reached skill level 9 in Ranged Weapons
  5527 | D:7      | 5527 ||| INVOKING Spit Poison.
  5648 | D:7      | Reached skill level 6 in Fighting
  5730 | D:7      | Found an opulent altar of Gozag.
  5785 | D:7      | 5785 ||| INVOKING Heroism.
  5786 | D:7      | 5786 ||| INVOKING Spit Poison.
  5790 | D:7      | 5790 ||| INVOKING Spit Poison.
  5791 | D:7      | 5791 ||| Stepping ~*~*~tactically~*~*~ (outnumbered).
  5794 | D:7      | 5794 ||| Stepping ~*~*~tactically~*~*~ (outnumbered).
  5796 | D:7      | 5796 ||| INVOKING Spit Poison.
  5960 | D:7      | 5960 ||| INVOKING Spit Poison.
  5998 | D:7      | 5998 ||| UPGRADING to +0 barding.
  6003 | D:7      | 6003 ||| DROPPING +6 ring of intelligence.
  6004 | D:7      | 6004 ||| READING 4 scrolls labelled VUSYPIOPTU.
  6005 | D:7      | 6005 ||| READING scroll labelled WUJUACIPUO.
  6005 | D:7      | Identified a scroll of acquirement
  6005 | D:7      | 6005 ||| ACQUIRING +8 longbow "Zephyr" {speed, Dex+3 SInv}
  6005 | D:7      | Acquired the +8 longbow "Zephyr" {speed, Dex+3 SInv}
  6005 | D:7      | Found the +8 longbow "Zephyr" {speed, Dex+3 SInv}
  6007 | D:7      | 6007 ||| SWAPPING to +8 longbow "Zephyr" {speed, Dex+3
                  | SInv}.
  6008 | D:7      | 6008 ||| DROPPING +0 shortbow of electrocution.
  6009 | D:7      | 6009 ||| READING scroll labelled ZEMABI WUWOIGE.
  6010 | D:7      | 6010 ||| DRINKING 2 glowing cyan potions.
  6011 | D:7      | 6011 ||| READING 3 scrolls of identify.
  6011 | D:7      | 6011 ||| IDENTIFYING white potion
  6012 | D:7      | 6012 ||| READING 2 scrolls of identify.
  6012 | D:7      | 6012 ||| IDENTIFYING blue potion
  6013 | D:7      | 6013 ||| DROPPING potion of degeneration.
  6014 | D:7      | 6014 ||| DROPPING 3 scrolls of revelation.
  6033 | D:8      | Noticed a two-headed ogre
  6034 | D:8      | 6034 ||| INVOKING Heroism.
  6035 | D:8      | 6035 ||| INVOKING Spit Poison.
  6038 | D:8      | Killed a two-headed ogre
  6039 | D:8      | Reached skill level 3 in Armour
  6124 | D:8      | Found a glowing silver altar of Zin.
  6124 | D:8      | Noticed an angel
  6147 | D:8      | 6147 ||| INVOKING Spit Poison.
  6165 | D:8      | Noticed Erica
  6166 | D:8      | 6166 ||| INVOKING Heroism.
  6167 | D:8      | 6167 ||| INVOKING Spit Poison.
  6175 | D:8      | Killed Erica
  6176 | D:8      | Reached XP level 10. HP: 91/91 MP: 10/13
  6270 | D:8      | 6270 ||| Stepping ~*~*~tactically~*~*~ (outnumbered).
  6273 | D:8      | 6273 ||| Stepping ~*~*~tactically~*~*~ (outnumbered).
  6274 | D:8      | 6274 ||| INVOKING Spit Poison.
  6408 | D:8      | Found a bloodstained altar of Trog.
  6409 | D:8      | 6409 ||| INVOKING Spit Poison.
  6414 | D:8      | Found a shimmering altar of Xom.
  6446 | D:8      | 6446 ||| INVOKING Spit Poison.
  6462 | D:8      | 6462 ||| INVOKING Spit Poison.
  6616 | D:8      | 6616 ||| INVOKING Spit Poison.
  6620 | D:8      | Reached *** piety under Okawaru
  6627 | D:8      | 6627 ||| INVOKING Heroism.
  6628 | D:8      | 6628 ||| INVOKING Spit Poison.
  6645 | D:8      | Found a staircase to the Lair.
  6687 | D:8      | 6687 ||| PLANNING LAIR
  6687 | D:8      | 6687 ||| UPGRADING to +0 leather armour of fire resistance.
  6697 | D:8      | 6697 ||| UPGRADING to ring of willpower.
  6699 | D:8      | 6699 ||| READING scroll labelled GORI ORHEUSEU.
  6700 | D:8      | 6700 ||| READING 2 scrolls of identify.
  6700 | D:8      | 6700 ||| IDENTIFYING murky clear potion
  6741 | Lair:1   | Entered Level 1 of the Lair of Beasts
  6762 | Lair:1   | Noticed a cane toad
  6763 | Lair:1   | 6763 ||| INVOKING Heroism.
  6766 | Lair:1   | Killed a cane toad
  6783 | Lair:1   | Noticed a cane toad
  6789 | Lair:1   | Noticed a cane toad
  6790 | Lair:1   | Killed a cane toad
  6791 | Lair:1   | Reached skill level 7 in Fighting
  6794 | Lair:1   | 6794 ||| INVOKING Heroism.
  6794 | Lair:1   | Noticed a cane toad
  6797 | Lair:1   | Killed a cane toad
  6804 | Lair:1   | Killed a cane toad
  6868 | Lair:1   | Noticed a boulder beetle
  6868 | Lair:1   | Noticed an elephant
  6869 | Lair:1   | Noticed an elephant
  6870 | Lair:1   | 6870 ||| INVOKING Heroism.
  6871 | Lair:1   | 6871 ||| INVOKING Spit Poison.
  6876 | Lair:1   | Killed an elephant
  6881 | Lair:1   | Killed a boulder beetle
  6881 | Lair:1   | Reached **** piety under Okawaru
  6889 | Lair:1   | Noticed an elephant
  6893 | Lair:1   | 6893 ||| INVOKING Spit Poison.
  6896 | Lair:1   | Killed an elephant
  6897 | Lair:1   | Reached XP level 11. HP: 100/100 MP: 14/14
  6901 | Lair:1   | 6901 ||| INVOKING Spit Poison.
  6910 | Lair:1   | 6910 ||| INVOKING Heroism.
  6911 | Lair:1   | 6911 ||| INVOKING Spit Poison.
  6915 | Lair:1   | 6915 ||| INVOKING Spit Poison.
  6918 | Lair:1   | Reached skill level 8 in Fighting
  6952 | Lair:1   | 6952 ||| INVOKING Spit Poison.
  6960 | Lair:1   | Reached skill level 6 in Invocations
  6960 | Lair:1   | 6960 ||| INVOKING Spit Poison.
  6964 | Lair:1   | 6964 ||| INVOKING Spit Poison.
  6970 | Lair:1   | 6970 ||| INVOKING Heroism.
  6973 | Lair:1   | 6973 ||| INVOKING Spit Poison.
  6976 | Lair:1   | Received a gift from Okawaru
  6977 | Lair:1   | 6977 ||| INVOKING Spit Poison.
  7132 | Lair:1   | 7132 ||| INVOKING Spit Poison.
  7147 | Lair:1   | 7147 ||| INVOKING Heroism.
  7160 | Lair:1   | 7160 ||| INVOKING Spit Poison.
  7169 | Lair:1   | 7169 ||| INVOKING Spit Poison.
  7177 | Lair:1   | Reached skill level 12 in Ranged Weapons
  7177 | Lair:1   | 7177 ||| Stepping ~*~*~tactically~*~*~ (outnumbered).
  7178 | Lair:1   | 7178 ||| INVOKING Spit Poison.
  7185 | Lair:1   | Reached ***** piety under Okawaru
  7186 | Lair:1   | 7186 ||| INVOKING Spit Poison.
  7240 | Lair:1   | 7240 ||| INVOKING Spit Poison.
  7294 | Lair:1   | 7294 ||| INVOKING Spit Poison.
  7301 | Lair:1   | 7301 ||| INVOKING Spit Poison.
  7391 | Lair:1   | 7391 ||| INVOKING Spit Poison.
  7400 | Lair:1   | 7400 ||| INVOKING Spit Poison.
  7414 | Lair:1   | 7414 ||| INVOKING Spit Poison.
  7422 | Lair:1   | 7422 ||| INVOKING Spit Poison.
  7427 | Lair:1   | 7427 ||| INVOKING Spit Poison.
  7431 | Lair:1   | 7431 ||| INVOKING Spit Poison.
  7441 | Lair:1   | 7441 ||| INVOKING Spit Poison.
  7449 | Lair:1   | 7449 ||| INVOKING Spit Poison.
  7453 | Lair:1   | 7453 ||| INVOKING Spit Poison.
  7461 | Lair:1   | 7461 ||| INVOKING Spit Poison.
  7466 | Lair:1   | 7466 ||| INVOKING Spit Poison.
  7528 | Lair:1   | 7528 ||| INVOKING Heroism.
  7529 | Lair:1   | 7529 ||| INVOKING Spit Poison.
  7537 | Lair:1   | 7537 ||| INVOKING Spit Poison.
  7540 | Lair:1   | Reached skill level 6 in Dodging
  7540 | Lair:1   | 7540 ||| INVOKING Spit Poison.
  7545 | Lair:1   | 7545 ||| INVOKING Spit Poison.
  7815 | Lair:1   | 7815 ||| INVOKING Spit Poison.
  7823 | Lair:1   | 7823 ||| INVOKING Spit Poison.
  7927 | Lair:1   | 7927 ||| READING scroll labelled NEWUSH JICZUST.
  7955 | Lair:2   | Noticed a four-headed hydra
  7956 | Lair:2   | 7956 ||| INVOKING Heroism.
  7961 | Lair:2   | Killed a four-headed hydra
  8044 | Lair:2   | You fall into a shaft and drop 2 floors!
  8076 | Lair:4   | 8076 ||| INVOKING Heroism.
  8080 | Lair:4   | Reached XP level 12. HP: 110/110 MP: 15/18
  8112 | Lair:4   | 8112 ||| READING scroll labelled SESCHA ESAOLO.
  8128 | Lair:4   | Reached skill level 9 in Invocations
  8144 | Lair:3   | 8144 ||| INVOKING Heroism.
  8242 | Lair:3   | Identified the +2 pair of gloves of Valiance {rElec rC+}
                  | (Okawaru gifted it to you on level 3 of the Lair of Beasts)
  8242 | Lair:3   | Received a gift from Okawaru
  8262 | Lair:3   | Identified the +1 longbow of Nyren {antimagic, Str+5 Dex-2}
  8290 | Lair:3   | Noticed Gastronok
  8291 | Lair:3   | 8291 ||| INVOKING Heroism.
  8298 | Lair:3   | Killed Gastronok
  8322 | Lair:3   | 8322 ||| UPGRADING to +2 pair of gloves of Valiance {rElec
                  | rC+}.
  8327 | Lair:3   | 8327 ||| UPGRADING to +1 hat of intelligence.
  8349 | Lair:2   | Found a staircase to the Shoals.
  8442 | Lair:2   | 8442 ||| INVOKING Heroism.
  8556 | Lair:2   | 8556 ||| INVOKING Heroism.
  8701 | Lair:2   | Reached skill level 9 in Fighting
  8735 | Lair:2   | 8735 ||| INVOKING Heroism.
  8931 | Lair:2   | 8931 ||| INVOKING Heroism.
  8999 | Lair:2   | 8999 ||| INVOKING Heroism.
  9070 | Lair:2   | 9070 ||| DROPPING ring of resist corrosion.
  9071 | Lair:2   | 9071 ||| UPGRADING to +5 ring of evasion.
  9073 | Lair:2   | 9073 ||| DROPPING ring of willpower.
  9074 | Lair:2   | 9074 ||| DRINKING 2 red potions.
  9075 | Lair:2   | 9075 ||| READING 3 scrolls of identify.
  9075 | Lair:2   | 9075 ||| IDENTIFYING green potion
  9076 | Lair:2   | 9076 ||| DROPPING potion of lignification.
  9077 | Lair:2   | 9077 ||| DROPPING potion of attraction.
  9141 | Lair:3   | 9141 ||| INVOKING Heroism.
  9206 | Lair:3   | 9206 ||| FLEEEEING.
  9207 | Lair:3   | 9207 ||| FLEEEEING.
  9211 | Lair:3   | 9211 ||| DRINKING potion of cancellation.
  9242 | Lair:3   | Noticed Nergalle
  9243 | Lair:3   | 9243 ||| INVOKING Heroism.
  9263 | Lair:3   | Killed Nergalle
  9310 | Lair:3   | Noticed a catoblepas
  9311 | Lair:3   | 9311 ||| INVOKING Heroism.
  9317 | Lair:3   | 9317 ||| Stepping ~*~*~tactically~*~*~ (cloud).
  9321 | Lair:3   | Killed a catoblepas
  9342 | Lair:3   | Found a staircase to the Snake Pit.
  9824 | Lair:3   | 9824 ||| DROPPING ring of protection from cold.
  9846 | Lair:4   | Noticed a six-headed hydra
  9847 | Lair:4   | 9847 ||| INVOKING Heroism.
  9854 | Lair:4   | Gained mutation: You can use your snake-like lower body to
                  | constrict enemies. [Naga growth]
  9854 | Lair:4   | Reached XP level 13. HP: 121/121 MP: 17/20
  9916 | Lair:4   | 9916 ||| INVOKING Heroism.
 10034 | Lair:4   | Reached skill level 10 in Fighting
 10070 | Lair:4   | 10070 ||| INVOKING Heroism.
 10195 | Lair:4   | Found a viscous altar of Jiyva.
 10200 | Lair:4   | Found a staircase to the Slime Pits.
 10220 | Lair:4   | 10220 ||| INVOKING Heroism.
 10518 | Lair:4   | 10518 ||| READING 3 scrolls of identify.
 10518 | Lair:4   | 10518 ||| IDENTIFYING fuming dark potion
 10519 | Lair:4   | 10519 ||| DROPPING potion of invisibility.
 10552 | Lair:5   | Entered Level 5 of the Lair of Beasts
 10553 | Lair:5   | 10553 ||| PLANNING GAUNTLET
 10636 | Lair:5   | Reached skill level 15 in Ranged Weapons
 10689 | Lair:5   | Noticed Josephine
 10695 | Lair:5   | Killed Josephine
 10741 | Lair:5   | 10741 ||| INVOKING Heroism.
 10742 | Lair:5   | Received a gift from Okawaru
 10808 | Lair:5   | 10808 ||| INVOKING Heroism.
 10859 | Lair:5   | 10859 ||| INVOKING Heroism.
 10893 | Lair:5   | Found a gate leading to a gauntlet.
 10895 | Lair:5   | 10895 ||| READING scroll labelled FIMEUSS SOWKUA.
 10904 | Gauntlet | Entered a Gauntlet
 10904 | Gauntlet | Found a transporter.
 10907 | Gauntlet | Found a transporter.
 10922 | Gauntlet | Found a transporter.
 10925 | Gauntlet | Found a transporter.
 10935 | Gauntlet | Found a transporter.
 10955 | Gauntlet | Found a runed translucent door.
 10956 | Gauntlet | Found a transporter.
 10957 | Gauntlet | Found a runed translucent door.
 10961 | Gauntlet | Found a transporter.
 10965 | Gauntlet | Found a transporter.
 10988 | Gauntlet | Found a transporter.
 10992 | Gauntlet | Noticed a quicksilver ooze
 11008 | Gauntlet | Found a transporter.
 11013 | Gauntlet | Found a transporter.
 11020 | Gauntlet | Found a transporter.
 11088 | Gauntlet | 11088 ||| INVOKING Heroism.
 11094 | Gauntlet | Killed a quicksilver ooze
 11095 | Gauntlet | Reached XP level 14. HP: 119/132 MP: 7/21
 11188 | Gauntlet | 11188 ||| DROPPING ring of flight.
 11225 | Gauntlet | 11225 ||| INVOKING Heroism.
 11226 | Gauntlet | 11226 ||| INVOKING Finesse.
 11275 | Gauntlet | Identified the staff "Cuadoeparph" {rPois rN+ rCorr Earth}
 11312 | Lair:5   | 11312 ||| PLANNING LAIR
 11521 | Lair:5   | Reached skill level 11 in Fighting
 11560 | Lair:5   | 11560 ||| READING scroll of enchant armour.
 11560 | Lair:5   | 11560 ||| ENCHANTING +1 hat of intelligence.
 11830 | Lair:5   | Received a gift from Okawaru
 11989 | Lair:5   | Identified the +6 spear "Alistoupy" {heavy, Int+7}
 12008 | Lair:5   | 12008 ||| DRINKING potion of mutation.
 12008 | Lair:5   | Lost mutation: Your tail ends in a venomous barb. [potion
                  | of mutation]
 12008 | Lair:5   | Lost mutation: You are dopey. (Int -2) [potion of mutation]
 12008 | Lair:5   | Gained mutation: You occasionally shout uncontrollably at
                  | your foes. [potion of mutation]
 12008 | Lair:5   | Gained mutation: Your mind is acute. (Int +4, Str/Dex -1)
                  | [potion of mutation]
 12008 | Lair:5   | Gained mutation: You can exhale a cloud of poison. [potion
                  | of mutation]
 12097 | Lair:5   | Found a corrupted altar of Lugonu.
 12097 | Lair:5   | Found a one-way gate to the infinite horrors of the Abyss.
 12264 | Lair:5   | 12264 ||| PLANNING D:1-11
 12264 | Lair:5   | 12264 ||| UPGRADING to scarf of repulsion.
 12274 | Lair:5   | 12274 ||| READING scroll labelled SENTA ESANNE.
 12484 | D:9      | Found a basalt altar of Yredelemnul.
 12487 | D:9      | 12487 ||| DRINKING potion of mutation.
 12487 | D:9      | Lost mutation: You occasionally shout uncontrollably at
                  | your foes. [potion of mutation]
 12487 | D:9      | Lost mutation: Your body sometimes deteriorates upon taking
                  | damage. [potion of mutation]
 12487 | D:9      | Lost mutation: You can exhale a cloud of poison. [potion of
                  | mutation]
 12487 | D:9      | Gained mutation: You occasionally shout uncontrollably at
                  | your foes. [potion of mutation]
 12487 | D:9      | Gained mutation: You have a pair of small horns on your
                  | head. [potion of mutation]
 12487 | D:9      | Gained mutation: Your muscles are strong. (Str +4, Int/Dex
                  | -1) [potion of mutation]
 12735 | D:9      | 12735 ||| Stepping ~*~*~tactically~*~*~ (outnumbered).
 12764 | D:9      | Identified the +4 kite shield of Least Resistance {Str+2}
 13097 | D:9      | 13097 ||| DROPPING ring of fire.
 13114 | D:10     | Entered Level 10 of the Dungeon
 13222 | D:10     | Found a staircase to the Orcish Mines.
 13385 | D:10     | Found a broken altar of Ashenzari.
 13529 | D:10     | Reached skill level 9 in Dodging
 13556 | D:10     | Noticed Urug
 13557 | D:10     | 13557 ||| INVOKING Heroism.
 13558 | D:10     | 13558 ||| INVOKING Finesse.
 13563 | D:10     | Killed Urug
 13614 | D:10     | Noticed Snorg
 13849 | D:10     | 13849 ||| INVOKING Heroism.
 13850 | D:10     | 13850 ||| INVOKING Finesse.
 13861 | D:10     | Killed Snorg
 13907 | D:10     | 13907 ||| DROPPING +2 hat.
 14035 | D:11     | 14035 ||| READING scroll of enchant armour.
 14035 | D:11     | 14035 ||| ENCHANTING +0 barding.
 14072 | D:11     | Noticed Sonja
 14073 | D:11     | 14073 ||| INVOKING Finesse.
 14110 | D:11     | 14110 ||| INVOKING Finesse.
 14113 | D:11     | Killed Sonja
 14231 | D:11     | 14231 ||| Stepping ~*~*~tactically~*~*~ (outnumbered).
 14358 | D:11     | 14358 ||| Stepping ~*~*~tactically~*~*~ (outnumbered).
 14510 | D:11     | Found a sparkling altar of Nemelex Xobeh.
 14625 | D:11     | 14625 ||| READING scroll of enchant armour.
 14625 | D:11     | 14625 ||| ENCHANTING +1 barding.
 14627 | D:11     | 14627 ||| PLANNING D
 14635 | D:11     | 14635 ||| PLANNING D:1-11
 14636 | D:11     | 14636 ||| PLANNING D
 14657 | D:11     | 14657 ||| PLANNING D:1-11
 14658 | D:11     | 14658 ||| PLANNING D
 14670 | D:11     | 14670 ||| PLANNING D:1-11
 14671 | D:11     | 14671 ||| PLANNING D
 14690 | D:11     | 14690 ||| PLANNING D:1-11
 14691 | D:11     | 14691 ||| PLANNING D
 14707 | D:11     | 14707 ||| PLANNING D:1-11
 14708 | D:11     | 14708 ||| PLANNING D
 14722 | D:11     | 14722 ||| PLANNING D:1-11
 14723 | D:11     | 14723 ||| PLANNING D
 14900 | D:12     | Reached XP level 15. HP: 141/141 MP: 22/22
 15144 | D:12     | 15144 ||| DRINKING potion of mutation.
 15144 | D:12     | Lost mutation: You sometimes lose your temper in combat.
                  | [potion of mutation]
 15144 | D:12     | Lost mutation: You occasionally shout uncontrollably at
                  | your foes. [potion of mutation]
 15144 | D:12     | Lost mutation: Your mind is acute. (Int +4, Str/Dex -1)
                  | [potion of mutation]
 15144 | D:12     | Gained mutation: You are robust. (+10% HP) [potion of
                  | mutation]
 15144 | D:12     | Gained mutation: You have a somewhat thin skeletal
                  | structure. (Dex +2, Stealth+) [potion of mutation]
 15144 | D:12     | Gained mutation: You possess an exceptional clarity of
                  | mind. [potion of mutation]
 15144 | D:12     | Gained mutation: You expend magic power (3 MP) to
                  | strengthen your wands. [potion of mutation]
 15419 | D:12     | 15419 ||| DROPPING +2 robe.
 15420 | D:12     | 15420 ||| UPGRADING to +0 troll leather armour.
 15491 | D:13     | Found a gate to the Vaults.
 15495 | D:13     | 15495 ||| Stepping ~*~*~tactically~*~*~ (outnumbered).
 15499 | D:13     | 15499 ||| Stepping ~*~*~tactically~*~*~ (outnumbered).
 15517 | D:13     | 15517 ||| INVOKING Heroism.
 15544 | D:13     | Reached skill level 18 in Ranged Weapons
 15643 | D:13     | Found a runed translucent door.
 15709 | D:13     | 15709 ||| INVOKING Heroism.
 15823 | D:13     | 15823 ||| Stepping ~*~*~tactically~*~*~ (outnumbered).
 15830 | D:13     | 15830 ||| READING scroll of acquirement.
 15830 | D:13     | 15830 ||| ACQUIRING amulet of Irhuottu {Reflect rPois rF+
                  | rC+ Regen+ SH+5}
 15830 | D:13     | Acquired the amulet of Irhuottu {Reflect rPois rF+ rC+
                  | Regen+ SH+5}
 15832 | D:13     | 15832 ||| UPGRADING to amulet of Irhuottu {Reflect rPois
                  | rF+ rC+ Regen+ SH+5}.
 15962 | D:13     | Found a shimmering altar of Xom.
 15962 | D:13     | Noticed Wemm's ghost (journeyman SpEn)
 15962 | D:13     | Identified the +4 halberd "Wuexidiwn" {chaos, Contam rPois
                  | Will+ Int+3}
 15962 | D:13     | Found the amulet of Vitality {RegenMP++ Regen++}
 16256 | D:13     | 16256 ||| DROPPING amulet of regeneration.
 16286 | D:14     | Reached skill level 12 in Fighting
 16328 | D:14     | Found Puydo's General Store.
 16362 | D:14     | Found a transporter.
 16366 | D:14     | Found a bloodstained altar of Trog.
 16500 | D:14     | 16500 ||| Stepping ~*~*~tactically~*~*~ (outnumbered).
 16502 | D:14     | 16502 ||| Stepping ~*~*~tactically~*~*~ (outnumbered).
 16515 | D:14     | Reached ****** piety under Okawaru
 16525 | D:14     | 16525 ||| Stepping ~*~*~tactically~*~*~ (outnumbered).
 16551 | D:14     | Noticed Ficoysum's ghost (journeyman GnWn)
 16574 | D:14     | Found a transporter.
 16690 | D:14     | 16690 ||| READING scroll labelled GAPAZO BYTZA.
 16696 | D:15     | Entered Level 15 of the Dungeon
 16726 | D:15     | Found a staircase to the Depths.
 16731 | D:15     | 16731 ||| INVOKING Heroism.
 16736 | D:15     | 16736 ||| Stepping ~*~*~tactically~*~*~ (outnumbered).
 16767 | D:15     | 16767 ||| INVOKING Finesse.
 16876 | D:15     | Identified the +2 barding "Dent" {+Inv rN+} (Okawaru gifted
                  | it to you on level 15 of the Dungeon)
 16876 | D:15     | Received a gift from Okawaru
 16891 | D:15     | 16891 ||| INVOKING Heroism.
 16903 | D:15     | 16903 ||| Stepping ~*~*~tactically~*~*~ (outnumbered).
 17034 | D:15     | 17034 ||| INVOKING Heroism.
 17035 | D:15     | 17035 ||| INVOKING Finesse.
 17342 | D:15     | Reached XP level 16. HP: 167/167 MP: 23/23
 17602 | D:15     | 17602 ||| PLANNING ORC
 17602 | D:15     | 17602 ||| UPGRADING to +2 barding "Dent" {+Inv rN+}.
 17612 | D:15     | 17612 ||| DROPPING +2 barding.
 17757 | Orc:1    | Entered Level 1 of the Orcish Mines
 17876 | Orc:2    | Entered Level 2 of the Orcish Mines
 17939 | Orc:2    | 17939 ||| Stepping ~*~*~tactically~*~*~ (outnumbered).
 17952 | Orc:2    | Found a staircase to the Elven Halls.
 18150 | Orc:2    | 18150 ||| INVOKING Heroism.
 18151 | Orc:2    | 18151 ||| INVOKING Finesse.
 18224 | Orc:2    | Found Ahikoapsa's Antique Weapon Emporium.
 18227 | Orc:2    | Found Igezotzu's Antique Armour Shoppe.
 18239 | Orc:2    | 18239 ||| BUYING pair of embroidered gloves (307 gold).
 18239 | Orc:2    | Bought a pair of embroidered gloves for 307 gold pieces
 18266 | Orc:2    | 18266 ||| INVOKING Heroism.
 18301 | Orc:2    | 18301 ||| DROPPING +0 leather armour of fire resistance.
 18381 | Orc:1    | 18381 ||| INVOKING Heroism.
 18593 | Orc:2    | 18593 ||| Stepping ~*~*~tactically~*~*~ (outnumbered).
 18730 | Orc:2    | 18730 ||| INVOKING Heroism.
 18731 | Orc:2    | 18731 ||| Stepping ~*~*~tactically~*~*~ (outnumbered).
 18734 | Orc:2    | 18734 ||| Stepping ~*~*~tactically~*~*~ (outnumbered).
 18755 | Orc:2    | Found Peuhan's Antique Weapon Shoppe.
 18787 | Orc:2    | 18787 ||| Stepping ~*~*~tactically~*~*~ (outnumbered).
 18789 | Orc:2    | 18789 ||| Stepping ~*~*~tactically~*~*~ (outnumbered).
 18833 | Orc:2    | 18833 ||| Stepping ~*~*~tactically~*~*~ (outnumbered).
 18968 | Orc:2    | 18968 ||| INVOKING Heroism.
 18969 | Orc:2    | 18969 ||| Stepping ~*~*~tactically~*~*~ (outnumbered).
 18970 | Orc:2    | 18970 ||| Stepping ~*~*~tactically~*~*~ (outnumbered).
 18974 | Orc:2    | 18974 ||| Stepping ~*~*~tactically~*~*~ (outnumbered).
 19145 | Orc:2    | Found Ynwuepeo's Jewellery Boutique.
 19151 | Orc:2    | 19151 ||| PLANNING SHOALS:1-3
 19171 | Orc:2    | 19171 ||| PLANNING ORC
 19172 | Orc:2    | 19172 ||| PLANNING SHOALS:1-3
 19180 | Orc:2    | 19180 ||| PLANNING ORC
 19181 | Orc:2    | 19181 ||| PLANNING SHOALS:1-3
 19209 | Orc:2    | 19209 ||| PLANNING ORC
 19210 | Orc:2    | 19210 ||| PLANNING SHOALS:1-3
 19226 | Orc:2    | 19226 ||| PLANNING ORC
 19227 | Orc:2    | 19227 ||| PLANNING SHOALS:1-3
 19253 | Orc:2    | 19253 ||| PLANNING ORC
 19254 | Orc:2    | 19254 ||| PLANNING SHOALS:1-3
 19263 | Orc:2    | 19263 ||| PLANNING ORC
 19264 | Orc:2    | 19264 ||| PLANNING SHOALS:1-3
 19281 | Orc:2    | 19281 ||| PLANNING ORC
 19282 | Orc:2    | 19282 ||| PLANNING SHOALS:1-3
 19295 | Orc:2    | 19295 ||| PLANNING ORC
 19296 | Orc:2    | 19296 ||| PLANNING SHOALS:1-3
 19348 | Orc:2    | 19348 ||| PLANNING ORC
 19348 | Orc:2    | 19348 ||| Stepping randomly (stuck).
 19349 | Orc:2    | 19349 ||| PLANNING SHOALS:1-3
 19606 | Shoals:1 | Entered Level 1 of the Shoals
 19702 | Shoals:1 | Reached skill level 13 in Fighting
 19837 | Shoals:1 | Identified the +1 arbalest of Purpose {antimagic, Dex+2}
                  | (Okawaru gifted it to you on level 1 of the Shoals)
 19837 | Shoals:1 | Received a gift from Okawaru
 19895 | Shoals:1 | 19895 ||| Stepping ~*~*~tactically~*~*~ (outnumbered).
 19897 | Shoals:1 | 19897 ||| Stepping ~*~*~tactically~*~*~ (outnumbered).
 19900 | Shoals:1 | 19900 ||| Stepping ~*~*~tactically~*~*~ (outnumbered).
 19903 | Shoals:1 | Reached skill level 6 in Armour
 20058 | Shoals:1 | 20058 ||| INVOKING Heroism.
 20059 | Shoals:1 | 20059 ||| INVOKING Finesse.
 20294 | Shoals:2 | Found a runed translucent door.
 20331 | Shoals:2 | Noticed a kraken
 20347 | Shoals:2 | Killed a kraken
 20520 | Shoals:2 | 20520 ||| INVOKING Heroism.
 20580 | Shoals:2 | Found Xinocoja's Weapon Shop.
 21372 | Shoals:3 | 21372 ||| INVOKING Heroism.
 21498 | Shoals:3 | Noticed Kirke
 21499 | Shoals:3 | 21499 ||| INVOKING Heroism.
 21507 | Shoals:3 | Killed Kirke
 21588 | Shoals:3 | 21588 ||| INVOKING Heroism.
 21894 | Shoals:3 | 21894 ||| PLANNING SNAKE:1-3
 22003 | Snake:1  | Entered Level 1 of the Snake Pit
 22005 | Snake:1  | 22005 ||| INVOKING Heroism.
 22115 | Snake:1  | 22115 ||| Stepping ~*~*~tactically~*~*~ (outnumbered).
 22117 | Snake:1  | 22117 ||| Stepping ~*~*~tactically~*~*~ (outnumbered).
 22119 | Snake:1  | 22119 ||| Stepping ~*~*~tactically~*~*~ (outnumbered).
 22121 | Snake:1  | 22121 ||| Stepping ~*~*~tactically~*~*~ (outnumbered).
 22129 | Snake:1  | 22129 ||| INVOKING Heroism.
 22195 | Snake:1  | 22195 ||| INVOKING Heroism.
 22202 | Snake:1  | 22202 ||| Stepping ~*~*~tactically~*~*~ (outnumbered).
 22223 | Snake:1  | 22223 ||| INVOKING Heroism.
 22263 | Snake:1  | Reached XP level 17. HP: 179/179 MP: 24/24
 22283 | Snake:1  | 22283 ||| Stepping ~*~*~tactically~*~*~ (outnumbered).
 22318 | Snake:1  | Noticed Aizul
 22319 | Snake:1  | 22319 ||| INVOKING Heroism.
 22328 | Snake:1  | Killed Aizul
 22452 | Snake:1  | 22452 ||| INVOKING Heroism.
 22513 | Snake:1  | 22513 ||| Stepping ~*~*~tactically~*~*~ (outnumbered).
 22721 | Snake:2  | 22721 ||| INVOKING Heroism.
 22882 | Snake:2  | Reached skill level 14 in Fighting
 22901 | Snake:2  | 22901 ||| INVOKING Heroism.
 23112 | Snake:2  | 23112 ||| Stepping ~*~*~tactically~*~*~ (outnumbered).
 23230 | Snake:2  | 23230 ||| INVOKING Heroism.
 23231 | Snake:2  | 23231 ||| Stepping ~*~*~tactically~*~*~ (outnumbered).
 23684 | Snake:3  | Reached skill level 12 in Dodging
 23688 | Snake:3  | Found Litunay's Antique Armour Shop.
 23690 | Snake:3  | Found Irycsir's Armour Boutique.
 23692 | Snake:3  | 23692 ||| BUYING embroidered cloak (142 gold).
 23692 | Snake:3  | Bought an embroidered cloak for 142 gold pieces
 23692 | Snake:3  | 23692 ||| BUYING runed leather armour (95 gold).
 23692 | Snake:3  | Bought a runed leather armour for 95 gold pieces
 23711 | Snake:3  | 23711 ||| INVOKING Heroism.
 23767 | Snake:3  | Noticed Mlioglotl
 23768 | Snake:3  | 23768 ||| INVOKING Heroism.
 23769 | Snake:3  | 23769 ||| INVOKING Finesse.
 23778 | Snake:3  | Killed Mlioglotl
 23950 | Snake:3  | 23950 ||| DROPPING +0 cloak.
 23951 | Snake:3  | 23951 ||| DROPPING +2 leather armour of cold resistance.
 23999 | Snake:3  | 23999 ||| Stepping ~*~*~tactically~*~*~ (outnumbered).
 24000 | Snake:3  | 24000 ||| Stepping ~*~*~tactically~*~*~ (outnumbered).
 24002 | Snake:3  | 24002 ||| Stepping ~*~*~tactically~*~*~ (outnumbered).
 24013 | Snake:3  | 24013 ||| INVOKING Heroism.
 24016 | Snake:3  | 24016 ||| Stepping ~*~*~tactically~*~*~ (outnumbered).
 24023 | Snake:3  | Received a gift from Okawaru
 24372 | Snake:3  | Found Tucsac's Magic Scroll Boutique.
 24381 | Snake:2  | 24381 ||| Stepping randomly (stuck).
 24390 | Snake:3  | 24390 ||| BUYING scroll of enchant weapon (105 gold).
 24390 | Snake:3  | Bought a scroll of enchant weapon for 105 gold pieces
 24390 | Snake:3  | 24390 ||| BUYING scroll of enchant weapon (105 gold).
 24390 | Snake:3  | Bought a scroll of enchant weapon for 105 gold pieces
 24390 | Snake:3  | 24390 ||| BUYING scroll of teleportation (42 gold).
 24390 | Snake:3  | Bought a scroll of teleportation for 42 gold pieces
 24418 | Snake:3  | Noticed Azrael
 24424 | Snake:3  | Killed Azrael
 24673 | Snake:3  | 24673 ||| PLANNING SHOALS:4
 24673 | Snake:3  | 24673 ||| READING scroll labelled BAYFISA XUSSIA.
 24888 | Shoals:4 | Entered Level 4 of the Shoals
 24955 | Shoals:4 | 24955 ||| Stepping ~*~*~tactically~*~*~ (outnumbered).
 25009 | Shoals:4 | 25009 ||| INVOKING Heroism.
 25115 | Shoals:4 | 25115 ||| INVOKING Heroism.
 25152 | Shoals:4 | Reached skill level 15 in Fighting
 25215 | Shoals:4 | Got a barnacled rune of Zot
 25257 | Shoals:4 | 25257 ||| INVOKING Heroism.
 25340 | Shoals:4 | 25340 ||| Stepping ~*~*~tactically~*~*~ (outnumbered).
 25341 | Shoals:4 | 25341 ||| Stepping ~*~*~tactically~*~*~ (outnumbered).
 25351 | Shoals:4 | Identified the amulet "Yppon" {RegenMP Drain +Blink rC+
                  | Dex+6}
 25352 | Shoals:4 | 25352 ||| Stepping ~*~*~tactically~*~*~ (outnumbered).
 25458 | Shoals:4 | Reached XP level 18. HP: 195/195 MP: 25/25
 25487 | Shoals:4 | Identified the staff of Terra Nullius {rPois rN+ Str-3
                  | Int+8 Poison}
 25693 | Shoals:4 | 25693 ||| PLANNING VAULTS:1-4
 26084 | Vaults:1 | Entered Level 1 of the Vaults
 26088 | Vaults:1 | 26088 ||| INVOKING Heroism.
 26183 | Vaults:1 | Reached skill level 16 in Fighting
 26265 | Vaults:1 | Noticed Saint Roka
 26266 | Vaults:1 | 26266 ||| INVOKING Heroism.
 26269 | Vaults:1 | 26269 ||| INVOKING Finesse.
 26309 | Vaults:1 | Killed Saint Roka
 26360 | Vaults:1 | 26360 ||| Stepping ~*~*~tactically~*~*~ (outnumbered).
 26479 | Vaults:1 | Identified the +4 barding "Zocse" {rC+ Int-4 Stlth+}
                  | (Okawaru gifted it to you on level 1 of the Vaults)
 26479 | Vaults:1 | Received a gift from Okawaru
 26742 | Vaults:1 | 26742 ||| Stepping ~*~*~tactically~*~*~ (outnumbered).
 26801 | Vaults:1 | 26801 ||| INVOKING Heroism.
 26802 | Vaults:1 | 26802 ||| INVOKING Finesse.
 26804 | Vaults:1 | 26804 ||| Stepping ~*~*~tactically~*~*~ (outnumbered).
 26851 | Vaults:1 | Reached skill level 17 in Fighting
 26951 | Vaults:1 | 26951 ||| UPGRADING to +4 barding "Zocse" {rC+ Int-4
                  | Stlth+}.
 26961 | Vaults:1 | 26961 ||| DROPPING +2 barding "Dent" {+Inv rN+}.
 26962 | Vaults:1 | 26962 ||| DROPPING +1 pair of gloves.
 26993 | Vaults:1 | Noticed Donald
 26994 | Vaults:1 | 26994 ||| INVOKING Heroism.
 26995 | Vaults:1 | 26995 ||| INVOKING Finesse.
 27002 | Vaults:1 | Killed Donald
 27506 | Vaults:1 | 27506 ||| Stepping ~*~*~tactically~*~*~ (outnumbered).
 27532 | Vaults:1 | 27532 ||| Stepping ~*~*~tactically~*~*~ (outnumbered).
 27533 | Vaults:1 | 27533 ||| Stepping ~*~*~tactically~*~*~ (outnumbered).
 27553 | Vaults:1 | Reached XP level 19. HP: 212/212 MP: 26/26
 27579 | Vaults:1 | 27579 ||| Stepping ~*~*~tactically~*~*~ (outnumbered).
 27580 | Vaults:1 | 27580 ||| Stepping ~*~*~tactically~*~*~ (outnumbered).
 27582 | Vaults:1 | 27582 ||| Stepping ~*~*~tactically~*~*~ (outnumbered).
 27584 | Vaults:1 | 27584 ||| Stepping ~*~*~tactically~*~*~ (outnumbered).
 27586 | Vaults:1 | 27586 ||| Stepping ~*~*~tactically~*~*~ (outnumbered).
 27588 | Vaults:1 | 27588 ||| Stepping ~*~*~tactically~*~*~ (outnumbered).
 27937 | Vaults:2 | Found a staircase to the Crypt.
 27938 | Vaults:2 | 27938 ||| Stepping ~*~*~tactically~*~*~ (outnumbered).
 27948 | Vaults:2 | 27948 ||| Stepping ~*~*~tactically~*~*~ (outnumbered).
 27991 | Vaults:2 | Found a transporter.
 28030 | Vaults:2 | Found a transporter.
 28276 | Vaults:2 | Found the +3 giant club "Skullcrusher" {speed, Str+7}
 28293 | Vaults:2 | Reached skill level 18 in Fighting
 28299 | Vaults:2 | 28299 ||| Stepping ~*~*~tactically~*~*~ (outnumbered).
 28300 | Vaults:2 | 28300 ||| Stepping ~*~*~tactically~*~*~ (outnumbered).
 28303 | Vaults:2 | Received a gift from Okawaru
 28335 | Vaults:2 | 28335 ||| INVOKING Heroism.
 28772 | Vaults:2 | 28772 ||| DROPPING +1 acid dragon scales.
 28773 | Vaults:2 | 28773 ||| DROPPING ring of wizardry.
 28952 | Vaults:3 | Reached skill level 9 in Armour
 29062 | Vaults:3 | 29062 ||| Stepping ~*~*~tactically~*~*~ (outnumbered).
 29148 | Vaults:3 | 29148 ||| INVOKING Heroism.
 29986 | Vaults:3 | 29986 ||| READING 18 scrolls of identify.
 29986 | Vaults:3 | 29986 ||| IDENTIFYING murky dark potion
 30059 | Vaults:4 | Reached skill level 15 in Dodging
 30130 | Vaults:4 | Noticed Xtahua
 30131 | Vaults:4 | 30131 ||| DRINKING 3 potions of resistance.
 30142 | Vaults:4 | Killed Xtahua
 30163 | Vaults:4 | Noticed Boris
 30164 | Vaults:4 | 30164 ||| INVOKING Heroism.
 30165 | Vaults:4 | 30165 ||| INVOKING Finesse.
 30174 | Vaults:4 | Killed Boris
 30342 | Vaults:4 | Identified the +9 morningstar "Worm's Wrath" {venom, rF++
                  | Int+3}
 30350 | Vaults:4 | 30350 ||| INVOKING Heroism.
 30351 | Vaults:4 | 30351 ||| INVOKING Finesse.
 30364 | Vaults:4 | Reached XP level 20. HP: 226/226 MP: 20/27
 30376 | Vaults:4 | Received a gift from Okawaru
 30413 | Vaults:4 | Noticed Mara
 30414 | Vaults:4 | 30414 ||| INVOKING Heroism.
 30427 | Vaults:4 | Killed Mara
 30520 | Vaults:4 | 30520 ||| INVOKING Heroism.
 30523 | Vaults:4 | Reached skill level 19 in Fighting
 30531 | Vaults:4 | 30531 ||| Stepping ~*~*~tactically~*~*~ (outnumbered).
 30533 | Vaults:4 | 30533 ||| Stepping ~*~*~tactically~*~*~ (outnumbered).
 30536 | Vaults:4 | 30536 ||| Stepping ~*~*~tactically~*~*~ (outnumbered).
 30540 | Vaults:4 | 30540 ||| Stepping ~*~*~tactically~*~*~ (outnumbered).
 30581 | Vaults:4 | 30581 ||| INVOKING Finesse.
 30671 | Vaults:4 | Identified the +2 leather armour "Oxtimymm" {rF+ Dex+3
                  | SInv}
 30761 | Vaults:4 | 30761 ||| READING scroll of acquirement.
 30761 | Vaults:4 | 30761 ||| ACQUIRING 829 gold pieces
 30761 | Vaults:4 | Acquired 829 gold pieces
 30896 | Vaults:4 | 30896 ||| Stepping ~*~*~tactically~*~*~ (outnumbered).
 30903 | Vaults:4 | 30903 ||| Stepping ~*~*~tactically~*~*~ (outnumbered).
 31501 | Vaults:4 | 31501 ||| PLANNING SNAKE:4
 31501 | Vaults:4 | 31501 ||| DROPPING +2 ring mail of fire resistance.
 31502 | Vaults:4 | 31502 ||| UPGRADING to +2 leather armour "Oxtimymm" {rF+
                  | Dex+3 SInv}.
 31512 | Vaults:4 | 31512 ||| DROPPING +0 troll leather armour.
 32073 | Snake:4  | Entered Level 4 of the Snake Pit
 32259 | Snake:4  | 32259 ||| INVOKING Heroism.
 32299 | Snake:4  | 32299 ||| INVOKING Heroism.
 32423 | Snake:4  | Got a serpentine rune of Zot
 32577 | Snake:4  | 32577 ||| Stepping ~*~*~tactically~*~*~ (outnumbered).
 32583 | Snake:4  | 32583 ||| Stepping ~*~*~tactically~*~*~ (outnumbered).
 32890 | Snake:4  | Received a gift from Okawaru
 33042 | Snake:4  | 33042 ||| PLANNING DEPTHS
 33042 | Snake:4  | 33042 ||| DROPPING +2 robe of cold resistance.
 33535 | Depths:1 | Entered Level 1 of the Depths
 33658 | Depths:1 | Reached XP level 21. HP: 224/239 MP: 28/28
 33682 | Depths:1 | 33682 ||| INVOKING Heroism.
 33683 | Depths:1 | 33683 ||| INVOKING Finesse.
 33684 | Depths:1 | 33684 ||| Stepping ~*~*~tactically~*~*~ (outnumbered).
 33692 | Depths:1 | 33692 ||| Stepping ~*~*~tactically~*~*~ (outnumbered).
 33700 | Depths:1 | Noticed a juggernaut
 33715 | Depths:1 | Killed a juggernaut
 33716 | Depths:1 | Reached skill level 20 in Fighting
 33939 | Depths:1 | Found a gateway to Hell.
 34169 | Depths:1 | Found an opulent altar of Gozag.
 34289 | Depths:2 | Found a one-way gateway to a ziggurat.
 34293 | Depths:2 | 34293 ||| INVOKING Heroism.
 34305 | Depths:2 | 34305 ||| INVOKING Finesse.
 34366 | Depths:2 | 34366 ||| Stepping ~*~*~tactically~*~*~ (outnumbered).
 34380 | Depths:2 | 34380 ||| Stepping ~*~*~tactically~*~*~ (cloud).
 34395 | Depths:2 | Found a one-way gate leading to the halls of Pandemonium.
 34448 | Depths:2 | 34448 ||| INVOKING Heroism.
 34449 | Depths:2 | 34449 ||| INVOKING Finesse.
 34501 | Depths:2 | 34501 ||| INVOKING Heroism.
 34573 | Depths:2 | 34573 ||| INVOKING Heroism.
 34574 | Depths:2 | 34574 ||| INVOKING Finesse.
 34579 | Depths:2 | Reached skill level 18 in Dodging
 34584 | Depths:2 | 34584 ||| Stepping ~*~*~tactically~*~*~ (outnumbered).
 34585 | Depths:2 | 34585 ||| Stepping ~*~*~tactically~*~*~ (outnumbered).
 34618 | Depths:2 | Noticed a golden dragon
 34629 | Depths:2 | Killed a golden dragon
 34736 | Depths:2 | Noticed a caustic shrike
 34737 | Depths:2 | 34737 ||| INVOKING Heroism.
 34740 | Depths:2 | 34740 ||| INVOKING Finesse.
 34750 | Depths:2 | Killed a caustic shrike
 34762 | Depths:2 | Reached skill level 21 in Fighting
 34774 | Depths:2 | 34774 ||| INVOKING Heroism.
 34800 | Depths:2 | Received a gift from Okawaru
 34865 | Depths:2 | 34865 ||| Stepping ~*~*~tactically~*~*~ (outnumbered).
 34935 | Depths:2 | 34935 ||| INVOKING Heroism.
 34936 | Depths:2 | 34936 ||| INVOKING Finesse.
 34990 | Depths:2 | 34990 ||| INVOKING Heroism.
 34991 | Depths:2 | 34991 ||| Stepping ~*~*~tactically~*~*~ (outnumbered).
 34992 | Depths:2 | 34992 ||| Stepping ~*~*~tactically~*~*~ (outnumbered).
 34999 | Depths:2 | 34999 ||| Stepping ~*~*~tactically~*~*~ (outnumbered).
 35036 | Depths:2 | 35036 ||| INVOKING Heroism.
 35037 | Depths:2 | 35037 ||| INVOKING Finesse.
 35126 | Depths:2 | Reached XP level 22. HP: 255/255 MP: 29/29
 35172 | Depths:2 | Found a bloodstained altar of Trog.
 35431 | Depths:2 | 35431 ||| INVOKING Heroism.
 35432 | Depths:2 | 35432 ||| INVOKING Finesse.
 35688 | Depths:2 | Identified the +6 orcbow "Ilissu" {freeze, Int+2 Dex+3}
 35795 | Depths:2 | 35795 ||| DROPPING +2 robe of willpower.
 35796 | Depths:2 | 35796 ||| DROPPING +1 animal skin.
 35862 | Depths:3 | 35862 ||| INVOKING Heroism.
 35868 | Depths:3 | 35868 ||| Stepping ~*~*~tactically~*~*~ (outnumbered).
 35909 | Depths:3 | Found a radiant altar of Vehumet.
 35911 | Depths:3 | 35911 ||| INVOKING Heroism.
 35980 | Depths:3 | 35980 ||| Stepping ~*~*~tactically~*~*~ (outnumbered).
 36010 | Depths:3 | 36010 ||| INVOKING Heroism.
 36230 | Depths:3 | 36230 ||| INVOKING Heroism.
 36417 | Depths:3 | 36417 ||| INVOKING Heroism.
 36448 | Depths:3 | Noticed Grunn
 36452 | Depths:3 | 36452 ||| INVOKING Finesse.
 36484 | Depths:3 | Killed Grunn
 36828 | Depths:3 | 36828 ||| UPGRADING to +2 hat of willpower.
 36838 | Depths:3 | 36838 ||| DROPPING +2 hat of intelligence.
 36839 | Depths:3 | 36839 ||| DROPPING +1 hat.
 36840 | Depths:3 | 36840 ||| DROPPING +1 hat of see invisible.
 36841 | Depths:3 | 36841 ||| DROPPING +1 hat of intelligence.
 36842 | Depths:3 | 36842 ||| DROPPING +2 robe of willpower.
 36843 | Depths:3 | 36843 ||| DROPPING +2 robe of willpower.
 36844 | Depths:3 | 36844 ||| DROPPING +2 robe of resistance.
 36845 | Depths:3 | 36845 ||| DROPPING +1 hat of stealth.
 36846 | Depths:3 | 36846 ||| DROPPING +2 hat of willpower.
 36877 | Depths:4 | Entered Level 4 of the Depths
 36897 | Depths:4 | 36897 ||| Stepping ~*~*~tactically~*~*~ (outnumbered).
 36905 | Depths:4 | Reached skill level 22 in Fighting
 36907 | Depths:4 | 36907 ||| INVOKING Heroism.
 36958 | Depths:4 | Found a gate to the Realm of Zot.
 36959 | Depths:4 | 36959 ||| INVOKING Heroism.
 36960 | Depths:4 | 36960 ||| INVOKING Finesse.
 36961 | Depths:4 | 36961 ||| Stepping ~*~*~tactically~*~*~ (outnumbered).
 36979 | Depths:4 | 36979 ||| Stepping ~*~*~tactically~*~*~ (outnumbered).
 37048 | Depths:4 | 37048 ||| Stepping ~*~*~tactically~*~*~ (outnumbered).
 37050 | Depths:4 | 37050 ||| Stepping ~*~*~tactically~*~*~ (outnumbered).
 37052 | Depths:4 | 37052 ||| Stepping ~*~*~tactically~*~*~ (outnumbered).
 37054 | Depths:4 | 37054 ||| Stepping ~*~*~tactically~*~*~ (outnumbered).
 37056 | Depths:4 | 37056 ||| Stepping ~*~*~tactically~*~*~ (outnumbered).
 37058 | Depths:4 | 37058 ||| Stepping ~*~*~tactically~*~*~ (outnumbered).
 37090 | Depths:4 | 37090 ||| Stepping ~*~*~tactically~*~*~ (outnumbered).
 37092 | Depths:4 | 37092 ||| Stepping ~*~*~tactically~*~*~ (outnumbered).
 37094 | Depths:4 | 37094 ||| Stepping ~*~*~tactically~*~*~ (outnumbered).
 37096 | Depths:4 | 37096 ||| Stepping ~*~*~tactically~*~*~ (outnumbered).
 37143 | Depths:4 | Received a gift from Okawaru
 37322 | Depths:4 | 37322 ||| INVOKING Heroism.
 37609 | Depths:4 | 37609 ||| Stepping ~*~*~tactically~*~*~ (outnumbered).
 37645 | Depths:4 | Noticed Frederick
 37646 | Depths:4 | 37646 ||| INVOKING Heroism.
 37649 | Depths:4 | 37649 ||| INVOKING Finesse.
 37659 | Depths:4 | Killed Frederick
 37660 | Depths:4 | Reached XP level 23. HP: 267/267 MP: 23/30
 37936 | Depths:4 | Found a broken altar of Ashenzari.
 37951 | Depths:4 | 37951 ||| INVOKING Heroism.
 37967 | Depths:4 | 37967 ||| INVOKING Finesse.
 38107 | Depths:4 | 38107 ||| PLANNING VAULTS:5
 38107 | Depths:4 | 38107 ||| READING 25 scrolls of identify.
 38107 | Depths:4 | 38107 ||| IDENTIFYING amethyst potion
 38108 | Depths:4 | 38108 ||| DROPPING potion of ambrosia.
 38388 | Vaults:5 | Entered Level 5 of the Vaults
 38388 | Vaults:5 | Noticed a golden dragon
 38389 | Vaults:5 | 38389 ||| INVOKING Heroism.
 38406 | Vaults:5 | Noticed a dread lich
 38424 | Vaults:5 | Killed a golden dragon
 38432 | Vaults:5 | 38432 ||| STAIRDANCE
 38597 | Vaults:5 | 38597 ||| INVOKING Heroism.
 38617 | Vaults:5 | 38617 ||| INVOKING Finesse.
 38620 | Vaults:5 | Noticed an ancient lich
 38623 | Vaults:5 | Killed a dread lich
 38624 | Vaults:5 | HP: 64/270 [flayed ghost/flay_damage (19)]
 38625 | Vaults:5 | 38625 ||| READING 15 scrolls of teleportation.
 38626 | Vaults:5 | 38626 ||| DRINKING 11 potions of heal wounds.
 38627 | Vaults:5 | 38627 ||| DRINKING 10 potions of heal wounds.
 38629 | Vaults:5 | 38629 ||| STAIRDANCE
 38629 | Vaults:5 | HP: 57/270 [stone giant (15)]
 38629 | Vaults:5 | HP: 13/270 [vault warden/+4 war axe of venom (44)]
 38629 | Vaults:5 | HP: 5/270 [iron dragon (8)]
 38629 | Vaults:5 | Mangled by an iron dragon

Levels and vault maps discovered:
D:1:      lemuel_arrival_river_ford, layout_loops_cross,
          nicolae_ecumenical_snake_handling, serial_shops, shop
D:2:      layout_loops_ring, grunt_ministairs_14
D:3:      layout_loops_cross, nicolae_overflow_crystal_walls,
          minmay_misc_feat_tower, kennysheep_nondescript,
          chequers_hall_statues_corner_a, reono_crystal_passage,
          eino_tiny_chamber
D:4:      layout_loops_ring, mainiacjoe_overflow_brackets,
          kennysheep_okawaru_gauntlet, lemuel_blue_sif_altar, tso_metal_star,
          minmay_temple_entry_statues_fountains, serial_shops, shop_statue
D:5:      layout_loops_corners, chequers_temple_overflow_statue_of_worship
D:6:      gammafunk_wand_slinger, layout_layer_cave, portal_sewer_entry_a,
          hangedman_decor_peaks_small
D:7:      layout_gridville, mainiacjoe_overflow_big_doors, enter_bailey_3
D:8:      layout_loops_ring, zin_angel, mainiacjoe_overflow_catwalk_spiral,
          david_lair_shrubbed, uniq_erica
D:9:      layout_irregular_city, lemuel_doored_altar
D:10:     layout_basic, mainiacjoe_overflow_boulevard, zombieorc2_lemuel,
          abandoned_shop, uniq_snorg, uniq_urug
D:11:     layout_roguey [special_room_orc], corexii_hall_statues_s,
          nemelex_diamond_rough_becter, uniq_sonja
D:12:     layout_grid_maze
D:13:     layout_basic, lightli_vaults_fourway_checkpoint, ebering_ghost_xom,
          kennysheep_generic_room_5
D:14:     layout_rooms, gammafunk_ghost_wrathful_warriors, serial_shops, shop,
          serial_glass, glass_columns_a, glass_columns_a, glass_columns_b,
          glass_columns_a, glass_columns_b, glass_columns_b, glass_columns_c,
          glass_columns_a, glass_columns_a, glass_columns_c
D:15:     gammafunk_depths_entry_grave, layout_basic, serial_bayou_ford_a
Temple:   hellmonk_temple_two_chambers
Lair:1:   lemuel_ratsnest, layout_concentric_octagons, fungi_pond_lemuel,
          serial_bayou_pond_c, grunt_megastairs_3
Lair:2:   layout_gridlike, minmay_shoals_entry_centaurs, lemuel_fruit_fields,
          lemuel_fruit_fields
Lair:3:   layout_cave_pods, dummy_snake_entry, uniq_nergalle, uniq_gastronok
Lair:4:   layout_loops_ring, nicolae_slime_entry_field_trip, grunt_megastairs_5,
          infiniplex_staircase_pool, serial_bayou_shore_a
Lair:5:   hellmonk_lair_end_abyssal_woods, layout_gridlike,
          gauntlet_entry_generic, kennysheep_rathole, serial_bayou_shore_b,
          lemuel_fruit_tree, uniq_josephine
Shoals:1: layout_shoals
Shoals:2: layout_shoals, serial_shops, shop, lightli_airlock
Shoals:3: layout_shoals, uniq_kirke
Shoals:4: shoals_end_grunt_ice, layout_shoals
Snake:1:  layout_misc_corridors, uniq_aizul
Snake:2:  nicolae_sea_snake_s, layout_grid_shapes, st_stairs_6,
          nicolae_snake_salamander_stairs, serial_bayou_shore_b
Snake:3:  layout_cave_town, serial_shops, shop, nrook_loot_triangle,
          minmay_shoptagon, uniq_azrael, uniq_mlioglotl
Snake:4:  snake_pit, layout_cave_town, nicolae_snake_lava_pool
Orc:1:    layout_caves, lightli_orcish_oven
Orc:2:    grunt_orc_community_town_hall, layout_diamond_mine,
          grunt_orc_community_big_house_2, grunt_orc_community_big_house_1,
          grunt_orc_community_house_3, grunt_orc_community_house_2,
          grunt_orc_community_house_1, grunt_orc_community_house_3,
          grunt_orc_community_house_2, grunt_orc_community_house_1, basic_altar,
          kennysheep_orc_chapel
Vaults:1: ontoclasm_vaults_bender, v_rooms_6, ontoclasm_vaults_ring_square,
          nicolae_vaults_spaceships, hangedman_vaults_pinch,
          nicolae_vaults_big_ls, nicolae_vaults_house_3, vaults_dpeg_ring,
          v_rooms_1, nicolae_vaults_surprise_closet,
          ontoclasm_vaults_decontamination, nicolae_vaults_variable_pillar_hall,
          nicolae_vaults_little_guard_posts, layout_vaults_omnibox,
          uniq_saint_roka, uniq_donald
Vaults:2: v_pattern_1, ontoclasm_vaults_loading_screen,
          minmay_crypt_entry_simple_round, nicolae_vaults_trapezoid_lopsided_3,
          nicolae_vaults_frosty_reception, gammafunk_its_a_trap,
          nicolae_vaults_surprise_closet, v_misc_14, vaults_mumra_chevron,
          nicolae_vaults_heist, v_misc_16, nicolae_vaults_house_1, serial_ice_m,
          nicolae_vaults_specimen_jars, layout_vaults_big_cross
Vaults:3: hangedman_vaults_stretched_pinwheel,
          nicolae_vaults_network_quinsquares
          [nicolae_vaults_network_quincunx_subvault,
          nicolae_vaults_network_quincunx_subvault,
          nicolae_vaults_network_quincunx_subvault,
          nicolae_vaults_network_quincunx_subvault],
          ontoclasm_vaults_ring_large, nicolae_vaults_alarming,
          nicolae_vaults_trapezoid_lopsided_1,
          nicolae_vaults_storage_room_glass, vaults_room_pool,
          layout_vaults_omnigrid
Vaults:4: nicolae_vaults_diamond_1, v_misc_17, v_misc_4, v_misc_25, st_star,
          v_pattern_4, nicolae_vaults_little_squares_2,
          nicolae_vaults_storage_closets_3, v_misc_12, hangedman_vaults_nodes,
          ontoclasm_vaults_ring_square, nicolae_vaults_little_squares_2,
          nicolae_vaults_asterisk, nicolae_vaults_surprise_closet,
          layout_vaults_ring, uniq_boris, uniq_xtahua, uniq_mara
Vaults:5: uniq_jory
Depths:1: layout_cave_shapes, hell_entry, grunt_gozag_statues,
          minmay_fractal_squares_gapless_7
Depths:2: minmay_central_circle, layout_honeycomb, enter_ziggurat_f,
          lightli_too_deep, bloody_trog, rand_demon_pan_entry_3,
          infiniplex_staircase_door_maze
Depths:3: nicolae_cairo_tiling_very_big, layout_cave_shapes,
          grunt_hell_entry_dis_mu, marbit_kobold_abyss_entry,
          grunt_tower_of_power, uniq_grunn
Depths:4: grunt_twist_and_shout, layout_gridlike, pf_hell_entry_great_geh,
          minmay_misc_feat_doors, ashenzari_altar_1,
          infiniplex_staircase_pool_lava, uniq_frederick

Skill      XL: |  1  2  3  4  5  6  7  8  9 10 11 12 13 14 15 16 17 18 19 20 21 22 23 |
---------------+----------------------------------------------------------------------+-----
Ranged Weapons | 4 5 6 7 8 9 11 12 14 15 17 18 19 20 | 20.0
Dodging        | 2 3 5 6 8 9 10 11 12 13 15 17 18 19 20 | 20.0
Fighting       | 3 4 5 6 7 8 9 10 11 12 13 15 17 18 19 21 22 | 22.7
Invocations    | 3 4 8 10 | 10.0
Armour         | 3 4 5 6 7 8 9 10 | 10.0
Stealth        | |  1.5

Action                     |  1- 3 |  4- 6 |  7- 9 | 10-12 | 13-15 | 16-18 | 19-21 | 22-24 || total
---------------------------+-------+-------+-------+-------+-------+-------+-------+-------++-------
   Fire: Shortbow          |    68 |    68 |   157 |       |       |       |       |       ||   293
         Longbow           |       |       |    11 |   406 |  1198 |  1684 |  1638 |   860 ||  5797
 Invoke: Heroism           |       |       |     9 |    21 |    15 |    29 |    18 |    13 ||   105
         Finesse           |       |       |       |       |     7 |     6 |    10 |     6 ||    29
Ability: Spit Poison       |    27 |    26 |    40 |    41 |       |       |       |       ||   134
    Use: Scroll            |     4 |     2 |    10 |     5 |     8 |     1 |     2 |     2 ||    34
         Potion            |     4 |     2 |     1 |     2 |     3 |       |     1 |     2 ||    15
 Armour: Leather armour    |     2 |       |       |    38 |    97 |       |    31 |    95 ||   263
         Robe              |       |    11 |    24 |     1 |       |       |       |       ||    36
         Troll leather arm |       |       |       |       |    40 |    44 |    40 |       ||   124
  Dodge: Dodged            |    12 |    18 |    43 |    81 |   351 |   260 |   503 |   565 ||  1833
         Repelled          |       |       |       |       |     2 |     6 |    15 |     4 ||    27
  Block: Other             |       |       |       |       |    12 |    44 |    73 |    95 ||   224
         Reflection        |       |       |       |       |     3 |    13 |    12 |     3 ||    31

Table legend:
 A = Non-vault XP
 B = Vault XP
 C = Vault XP percentage of total XP
 D = Non-vault monster count
 E = Vault monster count
 F = Vault count percentage of total count
                 A         B        C        D         E       F
            +---------+---------+-------+---------+---------+-------
      Total |  428950 |  320737 |  42.8 |     959 |     621 |  39.3
            +---------+---------+-------+---------+---------+-------
        D:1 |      36 |       2 |   5.3 |      18 |       2 |  10.0
        D:2 |      35 |       2 |   5.4 |      18 |       2 |  10.0
        D:3 |     201 |       0 |   0.0 |      23 |       0 |   0.0
        D:4 |      69 |       2 |   2.8 |       4 |       2 |  33.3
        D:5 |    1089 |       0 |   0.0 |      33 |       0 |   0.0
        D:6 |     332 |      16 |   4.6 |       5 |       2 |  28.6
        D:7 |    1247 |       8 |   0.6 |      21 |       4 |  16.0
        D:8 |    1748 |    1240 |  41.5 |      11 |       2 |  15.4
        D:9 |     537 |       0 |   0.0 |      10 |       0 |   0.0
       D:10 |    4539 |    2774 |  37.9 |      27 |      38 |  58.5
       D:11 |    1505 |    1584 |  51.3 |      12 |      27 |  69.2
       D:12 |    2860 |       0 |   0.0 |      13 |       0 |   0.0
       D:13 |    5070 |    9066 |  64.1 |      13 |      14 |  51.9
       D:14 |    8858 |       0 |   0.0 |      20 |       0 |   0.0
       D:15 |   11802 |    4923 |  29.4 |      34 |       8 |  19.0
     Lair:1 |    9363 |    2381 |  20.3 |      35 |      45 |  56.2
     Lair:2 |    4352 |     336 |   7.2 |      13 |       3 |  18.8
     Lair:3 |    6683 |    2206 |  24.8 |      28 |       2 |   6.7
     Lair:4 |    8959 |    1566 |  14.9 |      33 |       9 |  21.4
     Lair:5 |   17881 |   13836 |  43.6 |      56 |      56 |  50.0
   Shoals:1 |   13845 |       0 |   0.0 |      29 |       0 |   0.0
   Shoals:2 |    9458 |       0 |   0.0 |      17 |       0 |   0.0
   Shoals:3 |    6910 |    2199 |  24.1 |      13 |       5 |  27.8
   Shoals:4 |    4779 |   17613 |  78.7 |      11 |      30 |  73.2
    Snake:1 |   15998 |    1162 |   6.8 |      35 |       1 |   2.8
    Snake:2 |   12786 |    7918 |  38.2 |      28 |      15 |  34.9
    Snake:3 |   10419 |    3571 |  25.5 |      20 |       7 |  25.9
    Snake:4 |   13389 |   27258 |  67.1 |      28 |      44 |  61.1
      Orc:1 |    1701 |      15 |   0.9 |      18 |       5 |  21.7
      Orc:2 |    1981 |    6414 |  76.4 |      26 |      75 |  74.3
   Vaults:1 |   38733 |   38285 |  49.7 |      51 |      61 |  54.5
   Vaults:2 |   15856 |   15645 |  49.7 |      18 |      19 |  51.4
   Vaults:3 |   25683 |    2544 |   9.0 |      40 |       4 |   9.1
   Vaults:4 |   28383 |   41809 |  59.6 |      39 |      45 |  53.6
   Vaults:5 |    2301 |   16147 |  87.5 |       2 |      10 |  83.3
   Depths:1 |   17022 |   14212 |  45.5 |      19 |      10 |  34.5
   Depths:2 |   46681 |   49374 |  51.4 |      53 |      42 |  44.2
   Depths:3 |   40864 |   13887 |  25.4 |      44 |      13 |  22.8
   Depths:4 |   34995 |   20368 |  36.8 |      41 |      14 |  25.5
   Gauntlet |       0 |    2374 | 100.0 |       0 |       5 | 100.0
            +---------+---------+-------+---------+---------+-------
